 Dungeon Crawl Stone Soup version 0.30.0-20-g3615ddf2f0 (webtiles) character file.

Game seed: 7455597221296839754

243658 qw the Peltast (level 19, -27/128 HPs)
             Began as a Gargoyle Fighter on May 29, 2023.
             Was an Elder of Okawaru.
             Annihilated by an enormous slime creature (55 damage)
             ... summoned by a boggart
             ... on level 3 of the Vaults.
             The game lasted 00:20:52 (33329 turns).

qw the Peltast (Gargoyle Fighter)                  Turns: 33329, Time: 00:20:53

Health: -27/128    AC: 53    Str: 25    XL:     19   Next: 87%
Magic:  25/26      EV: 18    Int:  7    God:    Okawaru [****..]
Gold:   1990       SH: 28    Dex: 12    Spells: 18/18 levels left

rFire   + . .        B - +9 broad axe (vamp)
rCold   . . .        v - +0 tower shield
rNeg    + + +        i - +13 chain mail "Qiubigai" {Contam +Blink Slay+5 Stlth+}
rPois   inf          (helmet restricted)
rElec   +            j - +2 cloak {rPois}
rCorr   .            y - +2 pair of gloves
SInv    +            D - +2 pair of boots of the Twisting Gods {rPois Dex+3 Slay+2}
Will    +....        f - amulet of reflection Stlth
                     I - ring "Exoihoti" {Fly rN+++ EV+5 Int-5 Stlth-}
HPRegen 0.41/turn    m - ring of see invisible
MPRegen 0.20/turn

%: reflection
@: about to teleport, heroic, marked, flying
A: sickness immunity, AC +14, big wings, negative energy resistance 1,
electricity resistance, torment resistance 1, petrification resistance, horns 2,
fire resistance 1, sense surroundings 1
}: 1/15 runes: barnacled
a: Renounce Religion, Evoke Blink, Heroism, Finesse


You were on level 3 of the Vaults.
You worshipped Okawaru.
Okawaru was greatly pleased with you.
You visited 6 branches of the dungeon, and saw 32 of its levels.
You visited the Abyss 1 time.
You also visited: Gauntlet and Wizlab.

You collected 4446 gold pieces.
You spent 2456 gold pieces at shops.


Innate Abilities, Weirdness & Mutations

You are immune to sickness and miasma.
Your stone body is resilient. (AC +14)
You are immune to poison.
Your large and strong wings let you fly.
You resist negative energy. (rN+)
You are resistant to electric shocks. (rElec)
You are resistant to unholy torment.
You are immune to petrification.
You have a pair of horns on your head.
Your flesh is heat resistant. (rF+)
You passively map a small area around you.


   Skills:
 - Level 17.0(22.0) Fighting
 - Level 18.0(23.0) Axes
 - Level 9.1(14.1) Throwing
 - Level 14.0(19.0) Armour
 - Level 6.0(11.0) Dodging
 + Level 19.2(24.2) Shields
 - Level 10.0 Invocations


You had 18 spell levels left.
You didn't know any spells.
Your spell library was empty.

Inventory:

Hand Weapons
 B - a +9 vampiric broad axe (weapon)
Missiles
 h - 59 boomerangs
 u - 3 javelins (quivered)
Armour
 i - the +13 chain mail "Qiubigai" (worn) {Contam +Blink Slay+5 Stlth+}
   (You took it off a merfolk on level 2 of the Shoals)

   Slay:      It affects your accuracy & damage with ranged weapons and melee
   (+5).
   +Blink:    It lets you blink.
   Contam:    It causes magical contamination when unequipped.
   Stlth:     It makes you more stealthy.
 j - a +2 cloak of poison resistance (worn)
 t - +0 acid dragon scales
 v - a +0 tower shield (worn)
 y - a +2 pair of gloves (worn)
 D - the +2 pair of boots of the Twisting Gods (worn) {rPois Dex+3 Slay+2}
   (You found it in a Gauntlet)

   Dex:       It affects your dexterity (+3).
   Slay:      It affects your accuracy & damage with ranged weapons and melee
   (+2).
   rPois:     It protects you from poison.
 E - the +1 pair of gloves of Gikh {-Tele rN+ Str+2 Int+2}
   (You found it in a Gauntlet)

   Str:       It affects your strength (+2).
   Int:       It affects your intelligence (+2).
   rN:        It protects you from negative energy.
   -Tele:     It prevents most forms of teleportation.
Jewellery
 e - a ring of ice
 f - an amulet of reflection (around neck)
 k - a ring of protection from fire
 m - a ring of see invisible (right hand)
 q - the ring "Gotyasch" {Fire +Blink Will+ rCorr Str+2}
   (You found it in a wizard's laboratory)

   [ring of fire]

   It enhances your fire magic.
   Str:       It affects your strength (+2).
   rF:        It protects you from fire.
   rC:        It makes you vulnerable to cold.
   +Blink:    It lets you blink.
   rCorr:     It protects you from acid and corrosion.
   Will:      It increases your willpower.
 F - a ring of ice
 G - a ring of resist corrosion
 H - the ring of the Establishment {Fire Will+}
   (You found it in a wizard's laboratory)

   [ring of fire]

   It enhances your fire magic.
   rF:        It protects you from fire.
   rC:        It makes you vulnerable to cold.
   Will:      It increases your willpower.
 I - the ring "Exoihoti" (left hand) {Fly rN+++ EV+5 Int-5 Stlth-}
   (You found it in a wizard's laboratory)

   [ring of evasion]

   EV:        It affects your evasion (+5).
   Int:       It affects your intelligence (-5).
   rN:        It renders you almost immune to negative energy.
   Fly:       It grants you flight.
   Stlth:     It makes you less stealthy.
 Y - a +4 ring of protection
Wands
 r - a wand of digging (24)
Scrolls
 b - 11 scrolls of teleportation
 l - 16 scrolls of identify
 s - 3 scrolls of enchant weapon
 x - 4 scrolls of enchant armour
Potions
 a - 3 potions of magic
 c - 4 potions of haste
 d - 5 potions of might
 g - 12 potions of curing
 o - 5 potions of lignification
 p - 6 potions of cancellation
 w - 6 potions of attraction
 z - 8 potions of mutation
 A - 7 potions of resistance

Dungeon Overview and Level Annotations

Branches:
Dungeon (15/15)            Temple (0/1) D:6            Lair (5/5) D:9
 Shoals (4/4) Lair:2       Spider (3/4) Lair:2        Slime (0/5) Lair:5
    Orc (2/2) D:10            Elf (0/3) Orc:2        Vaults (3/5) D:13
 Depths (0/4) D:15         WizLab (visited)         Gauntlet (visited)
  Crypt: Vaults:2-3

Altars:
Ashenzari
Dithmenos
Gozag
Hepliaklqana
Makhleb
Okawaru
Ru
Sif Muna
Trog
Vehumet
Wu Jian
Xom
Jiyva

Shops:
D:4 (   D:9 [   D:15 (   Orc:2 (=??[   Shoals:2 !

Annotations:
D:3 1 runed translucent door, qw's ghost, amateur GrFi
D:8 1 runed translucent door, qw's ghost, novice GrFi


Message History

The boggart blinks!
You completely miss the yaktaur. You headbutt the yaktaur.
You kill the yaktaur!
Okawaru accepts your kill.
You hit the war gargoyle but do no damage.
You slice the enormous slime creature!! You slash the deep troll!
The war gargoyle launches metal splinters at you.
The spray of metal splinters hits you but does no damage.
The deep troll bites you but does no damage.
You block the deep troll's attack. x2
A yaktaur comes into view.
The enormous slime creature hits you!!!
You slice the war gargoyle!!
You destroy the war gargoyle!
Okawaru accepts your kill.
You barely miss the vault warden. You slice the enormous slime creature!!
You hit the deep troll but do no damage.
The boggart gestures wildly while chanting.
You slice the enormous slime creature!!
The enormous slime creature is severely wounded.
You closely miss the deep troll. You barely miss the vault warden.
The vault warden barely misses you. You block the deep troll's attack. x2
The deep troll misses you. The enormous slime creature hits you!!!
33328 ||| READING 12 scrolls of teleportation.
As you read the scroll of teleportation, it crumbles to dust.
You feel strangely unstable.
You block the deep troll's attack. x2; The deep troll misses you.
A vault warden comes into view. It is wielding a +0 halberd.
You block the vault warden's attack.
The enormous slime creature hits you but does no damage.
33329 ||| DRINKING potion of heal wounds.
You feel much better.
The boggart mumbles some strange words.
The boggart flickers and vanishes for a moment.
You block the deep troll's attack. The deep troll barely misses you.
You block the deep troll's attack. You block the yaktaur's attack.
The vault warden hits you but does no damage.
An orc warlord comes into view.
It is wielding a +1 dire flail of protection.
The enormous slime creature hits you!!!
You die...

#.......# #########
#.....<.# #.......# ,
#.....).# #.......# ,
#....)..# #####'##### , ,
#....)[)# ####...)...p^## ,
* #....)).# #..#.###'###.#.
,,,* #....)..#
#..#.#.....#.#. * ,
#####)######..#.#.....#.#.
,,
######)).C@p#..'.#.....#.'.
,,*
#.##)').gTcJopc#.#.....#.#.
##..##.....p#g.#.#.....#.#.
,,,
##..##......#..#.####'##.#.
*
#.##.+......####.........##
, ######......# #####'#####
#......# #.......# ########
#.......# , * * * * * * *
#'#######


You could see an orc warlord, a fire giant (summoned), 2 vault wardens, an
enormous slime creature (summoned), a deep troll, an ironbound convoker
(summoned), 2 yaktaurs and 2 boggarts.

Vanquished Creatures
  A hellephant (Abyss:3)
  Arachne (Spider:3)
  An electric golem (WizLab)
  A lich (Abyss:3)
  A titan (Shoals:4)
  A kraken (Shoals:3)
  Ilsuiw (Shoals:2)
  Roxanne (Shoals:1)
  4 fire giants (WizLab)
  Louise (Spider:1)
  5 vault wardens
  Aizul (Spider:1)
  An emperor scorpion (Spider:2)
  2 orc warlords
  An angel (WizLab)
  3 ironbound preservers
  A quicksilver ooze (Gauntlet)
  4 war gargoyles
  4 broodmothers (Spider:3)
  4 ironbound thunderhulks
  5 dire elephants (Vaults:1)
  A minotaur (Gauntlet)
  4 entropy weavers
  An ettin (D:15)
  6 merfolk javelineers
  4 yaktaur captains
  5 merfolk impalers
  A fire dragon (D:14)
  3 crystal guardians (WizLab)
  A rakshasa (Abyss:3)
  5 hydras
  3 great orbs of eyes
  9 peacekeepers (WizLab)
  A vault guard (Vaults:3)
  A catoblepas (Lair:2)
  7 merfolk aquamancers
  4 merfolk avatars
  An alligator snapping turtle (Shoals:4)
  3 two-headed ogres
  11 centaur warriors
  4 ironbound frosthearts
  A radroach (Spider:3)
  3 satyrs
  2 boulder beetles
  9 death yaks
  A tengu warrior (D:15)
  A hell knight (D:15)
  An orc high priest (Orc:2)
  2 thrashing horrors (Abyss:3)
  Amaemon (D:10)
  A sixfirhy (Abyss:3)
  Nergalle (D:10)
  2 skysharks
  6 orb spiders
  16 sea snakes
  3 skeletal warriors (D:15)
  A pharaoh ant (Spider:2)
  16 deep trolls
  6 wizards
  11 orc knights
  2 lindwurms (Vaults:1)
  3 steelbarb worms
  11 ironbound convokers
  18 harpies
  4 oklob plants (Lair:4)
  2 necromancers
  3 orc sorcerers (Orc:2)
  3 deep elf pyromancers
  16 manticores
  14 ugly things
  2 moths of wrath (Spider:1)
  11 wolf spiders
  16 cyclopes
  16 elephants
  9 merfolk sirens
  6 black mambas
  10 water nymphs
  3 gargoyles (WizLab)
  8 vault sentinels
  6 demonic crawlers
  A cane toad (shapeshifter) (D:14)
  3 torpor snails
  An orange demon (D:10)
  2 molten gargoyles (WizLab)
  Maggie (D:7)
  6 rime drakes (D:14)
  13 cane toads
  9 komodo dragons
  3 large abominations (Abyss:3)
  5 unseen horrors
  An efreet (D:14)
  16 yaktaurs
  2 freezing wraiths
  2 ancient zymes (Abyss:3)
  A kobold demonologist (D:14)
  A tengu conjurer (D:15)
  3 meliai (D:15)
  8 trolls
  6 polar bears
  34 merfolk
  14 wind drakes
  21 tarantellas
  A hornet (Lair:5)
  9 saltlings (Orc:2)
  3 raiju (Abyss:3)
  6 dream sheep (Shoals:2)
  10 slime creatures
  9 snapping turtles
  18 blink frogs
  21 jumping spiders
  17 culicivoras
  4 air elementals (Shoals:4)
  A shadow (D:12)
  A ynoxinul (Abyss:3)
  5 wraiths
  3 fire bats (Lair:2)
  10 starcursed masses
  25 water elementals
  3 basilisks
  11 wyverns
  2 steam dragons (Lair:5)
  51 yaks
  A fire elemental (WizLab)
  13 redbacks
  8 vampire mosquitoes
  4 small abominations (Abyss:3)
  4 wargs
  An acid dragon (D:9)
  15 water moccasins
  A floating eye (Lair:4)
  A sky beast (D:7)
  An ice beast (D:6)
  23 orc warriors
  2 black bears
  12 wolves
  6 boggarts
  15 centaurs
  4 ogres
  A phantom (D:6)
  A kobold brigand (D:11)
  14 bullfrogs
  2 scorpions (D:7)
  3 earth elementals (WizLab)
  2 gnoll sergeants (D:7)
  13 wights
  A killer bee (D:8)
  11 electric eels
  4 howler monkeys
  2 hounds
  6 jellies
  16 orc priests
  A gnoll bouda (D:5)
  An iron imp (Abyss:3)
  An iguana (D:6)
  23 orc wizards
  3 hell rats (D:14)
  2 lightning spires (WizLab)
  Robin (D:3)
  11 gnolls
  12 adders
  2 shadow imps
  2 white imps
  2 ufetubi
  2 worms
  A dart slug (D:3)
  60 orcs
  10 ball pythons
  7 endoplasms
  2 giant cockroaches
  14 goblins
  10 hobgoblins
  3 jackals (D:4)
  10 kobolds
  3 quokkas
  8 bats
  3 frilled lizards
  5 rats
  3 tentacles (Shoals:3)
1118 creatures vanquished.

Vanquished Creatures (others)
  A merfolk javelineer (Shoals:4)
  A harpy (Shoals:4)
  A dream sheep (Shoals:2)
  A jumping spider (Spider:3)
  A boggart (Vaults:2)
  An orc wizard (D:13)
  A tentacle (Shoals:3)
7 creatures vanquished.

Grand Total: 1125 creatures vanquished

Notes
Turn   | Place    | Note
-------+----------+-------------------------------------------
     0 | D:1      | qw the Gargoyle Fighter began the quest for the Orb.
     0 | D:1      | Reached XP level 1. HP: 14/14 MP: 1/1
     0 | D:1      | 0 ||| qw: Version: 0.2-a-102-g2b76a06
     0 | D:1      | 0 ||| qw: Game counter: 402
     0 | D:1      | 0 ||| qw: Always use a shield: true
     0 | D:1      | 0 ||| qw: God list: Okawaru
     0 | D:1      | 0 ||| qw: Allow faded altars: false
     0 | D:1      | 0 ||| qw: Do Orc after D:15 true
     0 | D:1      | 0 ||| qw: Do second Lair branch before Depths: true
     0 | D:1      | 0 ||| qw: Lair rune preference: random
     0 | D:1      | 0 ||| qw: Plans: Normal, Zot:1-4, Slime:5, God:TSO, Crypt,
                  | Tomb, Pan, Hells, Abyss, Win
     0 | D:1      | 0 ||| PLANNING D:1-11
   140 | D:1      | Found a faded altar of an unknown god.
   155 | D:1      | Reached XP level 2. HP: 19/19 MP: 2/2
   516 | D:1      | Reached skill level 3 in Axes
   724 | D:1      | Reached XP level 3. HP: 23/23 MP: 3/3
   943 | D:1      | 943 ||| READING scroll labelled GOTUPSUPIO.
   948 | D:1      | 948 ||| READING scroll labelled REDOKA NACOZ.
   949 | D:1      | 949 ||| DRINKING 2 viscous amethyst potions.
   950 | D:1      | 950 ||| DROPPING potion of degeneration.
   981 | D:2      | 981 ||| STAIRDANCE
  1315 | D:2      | 1315 ||| Stepping ~*~*~tactically~*~*~ (hiding).
  1560 | D:2      | Reached XP level 4. HP: 28/28 MP: 4/4
  1693 | D:2      | 1693 ||| READING scroll labelled DYS FEIPYTRI.
  1694 | D:2      | 1694 ||| READING scroll labelled FOXTAB PUESME.
  1695 | D:2      | 1695 ||| READING scroll labelled IBYDWI QETYJ.
  1696 | D:2      | 1696 ||| READING scroll labelled SASHRU KEOS.
  1697 | D:2      | 1697 ||| DRINKING 2 ruby potions.
  1756 | D:3      | 1756 ||| Stepping ~*~*~tactically~*~*~ (stealth).
  1757 | D:3      | 1757 ||| Stepping ~*~*~tactically~*~*~ (stealth).
  1786 | D:3      | Noticed Robin
  1786 | D:3      | 1786 ||| Stepping ~*~*~tactically~*~*~ (stealth).
  1789 | D:3      | 1789 ||| Stepping ~*~*~tactically~*~*~ (stealth).
  1790 | D:3      | 1790 ||| Stepping ~*~*~tactically~*~*~ (stealth).
  1791 | D:3      | 1791 ||| Stepping ~*~*~tactically~*~*~ (stealth).
  1796 | D:3      | Killed Robin
  1844 | D:3      | 1844 ||| Stepping ~*~*~tactically~*~*~ (stealth).
  2136 | D:3      | Found a broken altar of Ashenzari.
  2156 | D:3      | Reached XP level 5. HP: 32/32 MP: 5/5
  2164 | D:3      | 2164 ||| Stepping ~*~*~tactically~*~*~ (stealth).
  2286 | D:3      | Found a hazy altar of Hepliaklqana.
  2379 | D:3      | Found a runed translucent door.
  2379 | D:3      | Noticed qw's ghost (amateur GrFi)
  2420 | D:3      | 2420 ||| Stepping ~*~*~tactically~*~*~ (stealth).
  2503 | D:3      | 2503 ||| UPGRADING to +0 helmet.
  2508 | D:3      | 2508 ||| READING scroll labelled BAFROPHUCALYTZ.
  2509 | D:3      | 2509 ||| DRINKING 2 viscous clear potions.
  2614 | D:3      | 2614 ||| DROPPING potion of berserk rage.
  2732 | D:4      | 2732 ||| Stepping ~*~*~tactically~*~*~ (stealth).
  2766 | D:4      | 2766 ||| Stepping ~*~*~tactically~*~*~ (stealth).
  2884 | D:4      | Found Ycwoaj's Weapon Boutique.
  2905 | D:4      | 2905 ||| BUYING +2 broad axe of freezing (211 gold).
  2905 | D:4      | Bought a +2 broad axe of freezing for 211 gold pieces
  2905 | D:4      | 2905 ||| SWAPPING to +2 broad axe of freezing.
  2906 | D:4      | 2906 ||| DROPPING +0 war axe.
  2909 | D:4      | 2909 ||| Stepping ~*~*~tactically~*~*~ (stealth).
  2910 | D:4      | 2910 ||| Stepping ~*~*~tactically~*~*~ (stealth).
  3254 | D:4      | Found a shimmering blue altar of Sif Muna.
  3280 | D:4      | 3280 ||| FLEEEEING.
  3300 | D:4      | HP: 5/33 [something/puff of flame (8)]
  3301 | D:4      | 3301 ||| DRINKING potion of heal wounds.
  3330 | D:4      | 3330 ||| UPGRADING to +0 cloak.
  3350 | D:4      | 3350 ||| UPGRADING to +0 chain mail.
  3352 | D:4      | 3352 ||| UPGRADING to +0 chain mail.
  3355 | D:4      | 3355 ||| UPGRADING to +0 chain mail.
  3356 | D:4      | 3356 ||| UPGRADING to +0 chain mail.
  3359 | D:4      | 3359 ||| UPGRADING to +0 chain mail.
  3360 | D:4      | 3360 ||| UPGRADING to +0 chain mail.
  3361 | D:4      | 3361 ||| UPGRADING to +0 chain mail.
  3363 | D:4      | 3363 ||| UPGRADING to +0 chain mail.
  3364 | D:4      | 3364 ||| UPGRADING to +0 chain mail.
  3373 | D:4      | 3373 ||| UPGRADING to +0 scale mail.
  3378 | D:4      | 3378 ||| UPGRADING to +0 chain mail.
  3380 | D:4      | 3380 ||| UPGRADING to +0 chain mail.
  3382 | D:4      | 3382 ||| UPGRADING to +0 chain mail.
  3384 | D:4      | 3384 ||| UPGRADING to +0 chain mail.
  3399 | D:4      | 3399 ||| UPGRADING to +0 chain mail.
  3400 | D:4      | HP: 6/33 [something/puff of flame (8)]
  3401 | D:4      | 3401 ||| READING scroll of teleportation.
  3402 | D:4      | 3402 ||| UPGRADING to +0 chain mail.
  3522 | D:4      | 3522 ||| UPGRADING to +0 chain mail.
  3532 | D:4      | 3532 ||| DROPPING +0 scale mail.
  3533 | D:4      | 3533 ||| UPGRADING to amulet of regeneration.
  3538 | D:4      | 3538 ||| READING 3 scrolls labelled RUXEXKOQEL.
  3539 | D:4      | 3539 ||| READING scroll labelled XICVIU LOSCHER.
  3545 | D:4      | 3545 ||| READING scroll labelled DULUUR BOUW OSO.
  3546 | D:4      | 3546 ||| DRINKING 4 fuming blue potions.
  3547 | D:4      | 3547 ||| DRINKING 2 black potions.
  3548 | D:4      | 3548 ||| DROPPING potion of brilliance.
  3549 | D:4      | 3549 ||| DROPPING 2 scrolls of butterflies.
  3559 | D:5      | Entered Level 5 of the Dungeon
  3564 | D:5      | 3564 ||| Stepping ~*~*~tactically~*~*~ (hiding).
  3607 | D:5      | 3607 ||| Stepping ~*~*~tactically~*~*~ (hiding).
  3608 | D:5      | 3608 ||| Stepping ~*~*~tactically~*~*~ (hiding).
  3614 | D:5      | Reached XP level 6. HP: 39/39 MP: 6/6
  3617 | D:5      | 3617 ||| DRINKING 3 potions of curing.
  3617 | D:5      | 3617 ||| (to cure confusion)
  3619 | D:5      | 3619 ||| DRINKING 2 potions of curing.
  3619 | D:5      | 3619 ||| (to cure confusion)
  3672 | D:5      | Reached skill level 6 in Axes
  3672 | D:5      | Reached XP level 7. HP: 36/44 MP: 7/7
  3721 | D:5      | Killed an unseen horror
  3722 | D:5      | Reached skill level 3 in Dodging
  3845 | D:5      | 3845 ||| Stepping ~*~*~tactically~*~*~ (stealth).
  3847 | D:5      | 3847 ||| Stepping ~*~*~tactically~*~*~ (hiding).
  3848 | D:5      | 3848 ||| Stepping ~*~*~tactically~*~*~ (hiding).
  3882 | D:5      | 3882 ||| DROPPING +0 whip.
  3991 | D:5      | Reached XP level 8. HP: 48/48 MP: 8/8
  4005 | D:5      | Found a bloodstained altar of Trog.
  4008 | D:5      | Found an iron altar of Okawaru.
  4008 | D:5      | Found a sacrificial altar of Ru.
  4009 | D:5      | 4009 ||| PLANNING OKAWARU WORSHIP
  4009 | D:5      | 4009 ||| READING scroll labelled RUCEIT ICSUNI.
  4010 | D:5      | 4010 ||| READING 2 scrolls of identify.
  4010 | D:5      | 4010 ||| IDENTIFYING fuming golden potion
  4011 | D:5      | 4011 ||| DROPPING potion of flight.
  4012 | D:5      | Found a shadowy altar of Dithmenos.
  4013 | D:5      | Found an opulent altar of Gozag.
  4016 | D:5      | Became a worshipper of Warmaster Okawaru
  4016 | D:5      | 4016 ||| PLANNING D:1-11
  4418 | D:6      | Reached skill level 1 in Throwing
  4425 | D:6      | Found a staircase to the Ecumenical Temple.
  4461 | D:6      | Reached * piety under Okawaru
  4586 | D:6      | 4586 ||| DROPPING +1 whip of electrocution.
  4673 | D:6      | 4673 ||| Stepping ~*~*~tactically~*~*~ (stealth).
  4674 | D:6      | 4674 ||| Stepping ~*~*~tactically~*~*~ (stealth).
  4676 | D:6      | 4676 ||| INVOKING Heroism.
  4714 | D:6      | 4714 ||| Stepping ~*~*~tactically~*~*~ (hiding).
  4880 | D:6      | Reached skill level 1 in Invocations
  4955 | D:7      | 4955 ||| INVOKING Heroism.
  5051 | D:7      | Noticed Maggie
  5057 | D:7      | Reached XP level 9. HP: 45/54 MP: 10/10
  5060 | D:7      | Killed Maggie
  5061 | D:7      | Reached skill level 6 in Fighting
  5061 | D:7      | 5061 ||| INVOKING Heroism.
  5089 | D:7      | 5089 ||| DROPPING +0 flail.
  5119 | D:7      | 5119 ||| Stepping ~*~*~tactically~*~*~ (stealth).
  5123 | D:7      | 5123 ||| INVOKING Heroism.
  5138 | D:7      | Reached skill level 3 in Invocations
  5328 | D:7      | 5328 ||| INVOKING Heroism.
  6142 | D:7      | 6142 ||| UPGRADING to +2 buckler.
  6152 | D:7      | 6152 ||| DROPPING +0 buckler.
  6153 | D:7      | 6153 ||| READING scroll labelled ZOTWOR BE WUPH.
  6154 | D:7      | 6154 ||| DRINKING 2 fizzy clear potions.
  6155 | D:7      | 6155 ||| READING 2 scrolls of identify.
  6155 | D:7      | 6155 ||| IDENTIFYING metallic puce potion
  6250 | D:8      | 6250 ||| Stepping ~*~*~tactically~*~*~ (stealth).
  6317 | D:8      | Found an ornate altar of the Wu Jian Council.
  6322 | D:8      | Reached skill level 9 in Axes
  6441 | D:8      | 6441 ||| Stepping ~*~*~tactically~*~*~ (hiding).
  6444 | D:8      | 6444 ||| Stepping ~*~*~tactically~*~*~ (hiding).
  6445 | D:8      | 6445 ||| Stepping ~*~*~tactically~*~*~ (hiding).
  6446 | D:8      | 6446 ||| Stepping ~*~*~tactically~*~*~ (hiding).
  6447 | D:8      | 6447 ||| Stepping ~*~*~tactically~*~*~ (hiding).
  6448 | D:8      | 6448 ||| Stepping ~*~*~tactically~*~*~ (hiding).
  6449 | D:8      | 6449 ||| Stepping ~*~*~tactically~*~*~ (hiding).
  6450 | D:8      | 6450 ||| Stepping ~*~*~tactically~*~*~ (hiding).
  6472 | D:8      | 6472 ||| Stepping ~*~*~tactically~*~*~ (hiding).
  6473 | D:8      | 6473 ||| Stepping ~*~*~tactically~*~*~ (hiding).
  6478 | D:8      | Reached skill level 4 in Shields
  6580 | D:8      | 6580 ||| READING scroll of enchant weapon.
  6580 | D:8      | 6580 ||| ENCHANTING +3 broad axe of freezing.
  6680 | D:8      | Found a burning altar of Makhleb.
  6747 | D:8      | Found a runed translucent door.
  6753 | D:8      | Noticed qw's ghost (novice GrFi)
  7072 | D:8      | Reached ** piety under Okawaru
  7081 | D:8      | Reached XP level 10. HP: 63/63 MP: 13/13
  7192 | D:8      | 7192 ||| UPGRADING to +2 cloak of poison resistance.
  7202 | D:8      | 7202 ||| DROPPING +0 cloak.
  7216 | D:9      | 7216 ||| STAIRDANCE
  7340 | D:9      | Found a staircase to the Lair.
  7340 | D:9      | Noticed a death yak
  7340 | D:9      | Noticed a death yak
  7341 | D:9      | 7341 ||| INVOKING Heroism.
  7347 | D:9      | Noticed a death yak
  7352 | D:9      | Killed a death yak
  7355 | D:9      | Killed a death yak
  7355 | D:9      | Reached *** piety under Okawaru
  7359 | D:9      | Reached skill level 5 in Shields
  7362 | D:9      | 7362 ||| INVOKING Heroism.
  7366 | D:9      | Killed a death yak
  7366 | D:9      | Received a gift from Okawaru
  7702 | D:9      | 7702 ||| INVOKING Heroism.
  7705 | D:9      | Reached skill level 6 in Armour
  7739 | D:9      | 7739 ||| INVOKING Heroism.
  7831 | D:9      | Found a flagged portal.
  7832 | D:9      | 7832 ||| Stepping ~*~*~tactically~*~*~ (hiding).
  7833 | D:9      | 7833 ||| Stepping ~*~*~tactically~*~*~ (hiding).
  7836 | D:9      | 7836 ||| Stepping ~*~*~tactically~*~*~ (hiding).
  7845 | D:9      | 7845 ||| Stepping ~*~*~tactically~*~*~ (hiding).
  7846 | D:9      | 7846 ||| Stepping ~*~*~tactically~*~*~ (hiding).
  8115 | D:9      | Reached XP level 11. HP: 69/69 MP: 14/14
  8127 | D:9      | Reached skill level 9 in Fighting
  8241 | D:9      | Reached **** piety under Okawaru
  8258 | D:9      | Found Lodbrok's Dragon-Slaying Spoils.
  8265 | D:9      | 8265 ||| SHOPLISTING +0 ice dragon scales of Durghell
                  | {Contam rF- rC++ rN+++ Int-4 SInv} (860 gold, have 371).
  8265 | D:9      | 8265 ||| SHOPLISTING +0 shadow dragon scales (880 gold,
                  | have 371).
  8265 | D:9      | 8265 ||| SHOPLISTING +1 pearl dragon scales (1153 gold,
                  | have 371).
  8265 | D:9      | 8265 ||| SHOPLISTING +15 gold dragon scales "Laat" {Fly
                  | rPois rF+ rC+ Str+3 Int+3 Slay-5} (1489 gold, have 371).
  8265 | D:9      | 8265 ||| SHOPLISTING +3 fire dragon scales of Vampiric
                  | Thralls {rF++ rC- rCorr Str-5 Int+5} (963 gold, have 371).
  8491 | D:9      | 8491 ||| PLANNING LAIR
  8491 | D:9      | 8491 ||| UPGRADING to +0 plate armour.
  8501 | D:9      | 8501 ||| DROPPING +0 chain mail.
  8502 | D:9      | 8502 ||| UPGRADING to ring of willpower.
  8503 | D:9      | 8503 ||| READING 2 scrolls of identify.
  8503 | D:9      | 8503 ||| IDENTIFYING bubbling dark potion
  8579 | Lair:1   | Entered Level 1 of the Lair of Beasts
  8593 | Lair:1   | 8593 ||| Stepping ~*~*~tactically~*~*~ (stealth).
  8609 | Lair:1   | 8609 ||| INVOKING Heroism.
  8715 | Lair:1   | 8715 ||| Stepping ~*~*~tactically~*~*~ (stealth).
  8716 | Lair:1   | 8716 ||| Stepping ~*~*~tactically~*~*~ (stealth).
  8724 | Lair:1   | 8724 ||| INVOKING Heroism.
  8758 | Lair:1   | 8758 ||| INVOKING Heroism.
  8831 | Lair:1   | 8831 ||| INVOKING Heroism.
  8918 | Lair:1   | 8918 ||| Stepping ~*~*~tactically~*~*~ (stealth).
  8919 | Lair:1   | 8919 ||| INVOKING Heroism.
  8947 | Lair:1   | Reached skill level 6 in Invocations
  9073 | Lair:1   | 9073 ||| INVOKING Heroism.
  9143 | Lair:1   | 9143 ||| INVOKING Heroism.
  9228 | Lair:1   | Reached skill level 12 in Axes
  9400 | Lair:1   | 9400 ||| READING 2 scrolls of identify.
  9400 | Lair:1   | 9400 ||| IDENTIFYING green potion
  9470 | Lair:2   | 9470 ||| INVOKING Heroism.
  9485 | Lair:2   | Noticed a catoblepas
  9487 | Lair:2   | 9487 ||| Stepping ~*~*~tactically~*~*~ (hiding).
  9500 | Lair:2   | 9500 ||| INVOKING Heroism.
  9501 | Lair:2   | Killed a catoblepas
  9502 | Lair:2   | Reached skill level 6 in Shields
  9502 | Lair:2   | Reached XP level 12. HP: 47/76 MP: 14/17
  9548 | Lair:2   | 9548 ||| Stepping ~*~*~tactically~*~*~ (stealth).
  9633 | Lair:2   | 9633 ||| Stepping ~*~*~tactically~*~*~ (hiding).
  9634 | Lair:2   | 9634 ||| Stepping ~*~*~tactically~*~*~ (hiding).
  9639 | Lair:2   | 9639 ||| INVOKING Heroism.
  9705 | Lair:2   | Found a hole to the Spider Nest.
  9711 | Lair:2   | 9711 ||| INVOKING Heroism.
  9716 | Lair:2   | 9716 ||| PLANNING LAIR
  9880 | Lair:2   | 9880 ||| READING scroll of enchant weapon.
  9880 | Lair:2   | 9880 ||| ENCHANTING +4 broad axe of freezing.
 10134 | Lair:2   | 10134 ||| Stepping ~*~*~tactically~*~*~ (hiding).
 10145 | Lair:2   | 10145 ||| PLANNING LAIR
 10162 | Lair:2   | Found a dark tunnel.
 10215 | Lair:2   | Found a staircase to the Shoals.
 10340 | Lair:3   | Reached ***** piety under Okawaru
 10347 | Lair:3   | Reached skill level 9 in Armour
 10394 | Lair:3   | 10394 ||| INVOKING Heroism.
 10397 | Lair:3   | Reached skill level 9 in Invocations
 10448 | Lair:3   | 10448 ||| INVOKING Heroism.
 10462 | Lair:3   | Received a gift from Okawaru
 10600 | Lair:3   | 10600 ||| READING scroll of enchant armour.
 10600 | Lair:3   | 10600 ||| ENCHANTING +0 helmet.
 10624 | Lair:3   | 10624 ||| Stepping ~*~*~tactically~*~*~ (stealth).
 10738 | Lair:3   | 10738 ||| INVOKING Heroism.
 10778 | Lair:3   | 10778 ||| INVOKING Heroism.
 11073 | Lair:3   | 11073 ||| UPGRADING to ring of see invisible.
 11101 | Lair:4   | 11101 ||| INVOKING Heroism.
 11331 | Lair:4   | 11331 ||| INVOKING Heroism.
 11332 | Lair:4   | 11332 ||| INVOKING Finesse.
 11337 | Lair:4   | Paralysed by a floating eye for 2 turns
 11369 | Lair:4   | Reached XP level 13. HP: 82/82 MP: 15/20
 11377 | Lair:4   | 11377 ||| INVOKING Finesse.
 11400 | Lair:4   | 11400 ||| DRINKING 3 potions of cancellation.
 11401 | Lair:4   | 11401 ||| INVOKING Heroism.
 11552 | Lair:4   | 11552 ||| INVOKING Heroism.
 11556 | Lair:4   | 11556 ||| SWAPPING to +1 war axe of flaming.
 11569 | Lair:4   | Reached skill level 3 in Throwing
 11569 | Lair:4   | 11569 ||| SWAPPING to +5 broad axe of freezing.
 11712 | Lair:4   | 11712 ||| INVOKING Heroism.
 11755 | Lair:4   | 11755 ||| Stepping ~*~*~tactically~*~*~ (stealth).
 12119 | Lair:4   | 12119 ||| UPGRADING to +2 chain mail of fire resistance.
 12129 | Lair:4   | 12129 ||| READING scroll labelled UCUICUTWEK.
 12135 | Lair:5   | Entered Level 5 of the Lair of Beasts
 12192 | Lair:5   | 12192 ||| Stepping ~*~*~tactically~*~*~ (stealth).
 12193 | Lair:5   | 12193 ||| Stepping ~*~*~tactically~*~*~ (stealth).
 12196 | Lair:5   | 12196 ||| INVOKING Heroism.
 12241 | Lair:5   | 12241 ||| INVOKING Heroism.
 12256 | Lair:5   | 12256 ||| Stepping ~*~*~tactically~*~*~ (water).
 12269 | Lair:5   | Received a gift from Okawaru
 12271 | Lair:5   | Found a staircase to the Slime Pits.
 12271 | Lair:5   | Found a viscous altar of Jiyva.
 12305 | Lair:5   | 12305 ||| INVOKING Heroism.
 12358 | Lair:5   | 12358 ||| Stepping ~*~*~tactically~*~*~ (hiding).
 12363 | Lair:5   | 12363 ||| INVOKING Heroism.
 12394 | Lair:5   | 12394 ||| INVOKING Heroism.
 12396 | Lair:5   | 12396 ||| SWAPPING to +1 war axe of flaming.
 12401 | Lair:5   | 12401 ||| SWAPPING to +5 broad axe of draining.
 12416 | Lair:5   | 12416 ||| Stepping ~*~*~tactically~*~*~ (stealth).
 12417 | Lair:5   | 12417 ||| Stepping ~*~*~tactically~*~*~ (stealth).
 12458 | Lair:5   | 12458 ||| Stepping ~*~*~tactically~*~*~ (stealth).
 12460 | Lair:5   | 12460 ||| Stepping ~*~*~tactically~*~*~ (stealth).
 12467 | Lair:5   | 12467 ||| INVOKING Heroism.
 12474 | Lair:5   | Received a gift from Okawaru
 12490 | Lair:5   | Reached skill level 7 in Shields
 12508 | Lair:5   | 12508 ||| INVOKING Heroism.
 12557 | Lair:5   | 12557 ||| Stepping ~*~*~tactically~*~*~ (stealth).
 12560 | Lair:5   | 12560 ||| INVOKING Heroism.
 12561 | Lair:5   | 12561 ||| INVOKING Finesse.
 12565 | Lair:5   | 12565 ||| SWAPPING to +1 war axe of flaming.
 12570 | Lair:5   | 12570 ||| SWAPPING to +5 broad axe of draining.
 12650 | Lair:5   | 12650 ||| INVOKING Heroism.
 12752 | Lair:5   | Gained mutation: Your large and strong wings let you fly.
                  | [Gargoyle growth]
 12752 | Lair:5   | Reached XP level 14. HP: 67/90 MP: 21/21
 12874 | Lair:5   | 12874 ||| Stepping ~*~*~tactically~*~*~ (stealth).
 12875 | Lair:5   | 12875 ||| Stepping ~*~*~tactically~*~*~ (stealth).
 12878 | Lair:5   | 12878 ||| Stepping ~*~*~tactically~*~*~ (stealth).
 12902 | Lair:5   | 12902 ||| Stepping ~*~*~tactically~*~*~ (hiding).
 12905 | Lair:5   | 12905 ||| INVOKING Heroism.
 12906 | Lair:5   | 12906 ||| INVOKING Finesse.
 12920 | Lair:5   | Reached skill level 6 in Throwing
 12958 | Lair:5   | Identified the +6 short sword of Victory {venom, rN+}
 12973 | Lair:5   | 12973 ||| READING scroll of enchant armour.
 12973 | Lair:5   | 12973 ||| ENCHANTING +1 helmet.
 13034 | Lair:5   | 13034 ||| INVOKING Heroism.
 13037 | Lair:5   | 13037 ||| Stepping ~*~*~tactically~*~*~ (stealth).
 13038 | Lair:5   | 13038 ||| Stepping ~*~*~tactically~*~*~ (stealth).
 13044 | Lair:5   | 13044 ||| SWAPPING to +1 war axe of flaming.
 13049 | Lair:5   | Reached skill level 15 in Axes
 13049 | Lair:5   | 13049 ||| SWAPPING to +5 broad axe of draining.
 13212 | Lair:5   | 13212 ||| PLANNING D:1-11
 13212 | Lair:5   | 13212 ||| DRINKING 2 viscous sapphire potions.
 13212 | Lair:5   | Gained mutation: You have a pair of small horns on your
                  | head. [potion of mutation]
 13212 | Lair:5   | Gained mutation: You have hidden genetic potential. [potion
                  | of mutation]
 13212 | Lair:5   | Gained mutation: You have a pair of horns on your head.
                  | [potion of mutation]
 13213 | Lair:5   | 13213 ||| DROPPING +2 helmet.
 13214 | Lair:5   | 13214 ||| DRINKING 2 lumpy ruby potions.
 13215 | Lair:5   | 13215 ||| READING 10 scrolls of identify.
 13215 | Lair:5   | 13215 ||| IDENTIFYING fuming ruby potion
 13309 | D:10     | Entered Level 10 of the Dungeon
 13381 | D:10     | 13381 ||| Stepping ~*~*~tactically~*~*~ (hiding).
 13382 | D:10     | 13382 ||| Stepping ~*~*~tactically~*~*~ (hiding).
 13384 | D:10     | Noticed Amaemon
 13399 | D:10     | Killed Amaemon
 13410 | D:10     | Found a shimmering altar of Xom.
 13413 | D:10     | Found a shimmering altar of Xom.
 13416 | D:10     | Found a shimmering altar of Xom.
 13563 | D:10     | 13563 ||| Stepping ~*~*~tactically~*~*~ (stealth).
 13575 | D:10     | 13575 ||| Stepping ~*~*~tactically~*~*~ (stealth).
 13596 | D:10     | 13596 ||| Stepping ~*~*~tactically~*~*~ (stealth).
 13609 | D:10     | 13609 ||| Stepping ~*~*~tactically~*~*~ (stealth).
 13634 | D:10     | Reached skill level 12 in Fighting
 13642 | D:10     | Found a staircase to the Orcish Mines.
 13854 | D:10     | Noticed Nergalle
 13861 | D:10     | Killed Nergalle
 14084 | D:11     | 14084 ||| Stepping ~*~*~tactically~*~*~ (hiding).
 14153 | D:11     | 14153 ||| INVOKING Heroism.
 14222 | D:11     | 14222 ||| Stepping ~*~*~tactically~*~*~ (hiding).
 14292 | D:11     | 14292 ||| READING scroll of enchant weapon.
 14292 | D:11     | 14292 ||| ENCHANTING +5 broad axe of draining.
 14303 | D:11     | 14303 ||| READING scroll of enchant weapon.
 14303 | D:11     | 14303 ||| ENCHANTING +6 broad axe of draining.
 14736 | D:11     | 14736 ||| Stepping ~*~*~tactically~*~*~ (stealth).
 14737 | D:11     | 14737 ||| Stepping ~*~*~tactically~*~*~ (stealth).
 14773 | D:11     | Received a gift from Okawaru
 14776 | D:11     | 14776 ||| Stepping ~*~*~tactically~*~*~ (stealth).
 14835 | D:11     | 14835 ||| PLANNING D
 14835 | D:11     | 14835 ||| UPGRADING to +0 pair of gloves.
 15027 | D:12     | 15027 ||| INVOKING Heroism.
 15047 | D:12     | 15047 ||| Stepping ~*~*~tactically~*~*~ (hiding).
 15048 | D:12     | 15048 ||| Stepping ~*~*~tactically~*~*~ (hiding).
 15118 | D:12     | 15118 ||| Stepping ~*~*~tactically~*~*~ (hiding).
 15167 | D:12     | 15167 ||| INVOKING Heroism.
 15172 | D:12     | Received a gift from Okawaru
 15612 | D:12     | 15612 ||| Stepping ~*~*~tactically~*~*~ (hiding).
 15613 | D:12     | 15613 ||| Stepping ~*~*~tactically~*~*~ (hiding).
 15616 | D:12     | 15616 ||| Stepping ~*~*~tactically~*~*~ (hiding).
 15617 | D:12     | 15617 ||| Stepping ~*~*~tactically~*~*~ (hiding).
 15646 | D:13     | 15646 ||| FLEEEEING.
 15648 | D:13     | 15648 ||| STAIRDANCE
 15670 | D:13     | Received a gift from Okawaru
 15677 | D:13     | 15677 ||| Stepping ~*~*~tactically~*~*~ (stealth).
 15685 | D:13     | Reached skill level 8 in Shields
 15685 | D:13     | 15685 ||| Stepping ~*~*~tactically~*~*~ (stealth).
 15686 | D:13     | 15686 ||| Stepping ~*~*~tactically~*~*~ (stealth).
 15691 | D:13     | 15691 ||| Stepping ~*~*~tactically~*~*~ (stealth).
 15692 | D:13     | 15692 ||| Stepping ~*~*~tactically~*~*~ (stealth).
 15706 | D:13     | 15706 ||| Stepping ~*~*~tactically~*~*~ (stealth).
 15791 | D:13     | You are sucked into a shaft and drop 1 floor!
 15793 | D:14     | 15793 ||| PLANNING GAUNTLET
 15806 | D:14     | 15806 ||| INVOKING Heroism.
 15807 | D:14     | 15807 ||| INVOKING Finesse.
 15829 | D:14     | 15829 ||| Stepping ~*~*~tactically~*~*~ (hiding).
 15896 | D:14     | Received a gift from Okawaru
 15935 | D:14     | 15935 ||| INVOKING Heroism.
 15936 | D:14     | 15936 ||| INVOKING Finesse.
 15950 | D:14     | 15950 ||| SWAPPING to +1 war axe of flaming.
 15955 | D:14     | Received a gift from Okawaru
 15956 | D:14     | 15956 ||| SWAPPING to +7 broad axe of draining.
 15964 | D:14     | Reached XP level 15. HP: 90/96 MP: 16/22
 16038 | D:14     | 16038 ||| INVOKING Heroism.
 16085 | D:14     | Found a gate leading to a gauntlet.
 16094 | Gauntlet | Entered a Gauntlet
 16094 | Gauntlet | Found a transporter.
 16103 | Gauntlet | Found a transporter.
 16120 | Gauntlet | Found a transporter.
 16124 | Gauntlet | Found a transporter.
 16145 | Gauntlet | Found a transporter.
 16158 | Gauntlet | Found a transporter.
 16172 | Gauntlet | Found a transporter.
 16201 | Gauntlet | Found a transporter.
 16201 | Gauntlet | Found a transporter.
 16206 | Gauntlet | Found a transporter.
 16237 | Gauntlet | Found a transporter.
 16237 | Gauntlet | Found a transporter.
 16289 | Gauntlet | 16289 ||| INVOKING Heroism.
 16366 | Gauntlet | 16366 ||| INVOKING Heroism.
 16382 | Gauntlet | Gained mutation: You passively map a small area around you.
                  | [hidden potential]
 16415 | Gauntlet | Identified the +2 pair of boots of the Twisting Gods {rPois
                  | Dex+3 Slay+2}
 16423 | Gauntlet | 16423 ||| UPGRADING to +2 pair of boots of the Twisting
                  | Gods {rPois Dex+3 Slay+2}.
 16436 | Gauntlet | 16436 ||| INVOKING Heroism.
 16479 | Gauntlet | Identified the +1 great mace of Rygao {pain, rElec Stlth+}
 16481 | Gauntlet | Identified the +1 pair of gloves of Gikh {-Tele rN+ Str+2
                  | Int+2}
 16512 | D:14     | 16512 ||| PLANNING D
 16652 | D:13     | 16652 ||| Stepping ~*~*~tactically~*~*~ (hiding).
 16653 | D:13     | 16653 ||| Stepping ~*~*~tactically~*~*~ (hiding).
 16654 | D:13     | 16654 ||| Stepping ~*~*~tactically~*~*~ (hiding).
 16767 | D:13     | Found a gate to the Vaults.
 16933 | D:13     | Identified the +0 barding of Ynydugoi {rC- Will+ SInv}
 16954 | D:13     | 16954 ||| READING scroll labelled SAECUA QECKAZ.
 17093 | D:14     | 17093 ||| Stepping ~*~*~tactically~*~*~ (stealth).
 17095 | D:14     | 17095 ||| Stepping ~*~*~tactically~*~*~ (hiding).
 17497 | D:14     | 17497 ||| READING scroll labelled UNANTI JUYNEXT.
 17529 | D:15     | Entered Level 15 of the Dungeon
 17540 | D:15     | Received a gift from Okawaru
 17602 | D:15     | Found Xauritaz's Antique Weapon Shoppe.
 17618 | D:15     | Found a radiant altar of Vehumet.
 17619 | D:15     | 17619 ||| INVOKING Heroism.
 17670 | D:15     | 17670 ||| INVOKING Heroism.
 17688 | D:15     | Received a gift from Okawaru
 17695 | D:15     | HP: 19/98 [skeletal warrior/+1 glaive of protection (12)]
 17696 | D:15     | 17696 ||| READING 6 scrolls of teleportation.
 17697 | D:15     | 17697 ||| DRINKING 3 potions of heal wounds.
 17699 | D:15     | 17699 ||| DRINKING 2 potions of heal wounds.
 17791 | D:15     | 17791 ||| INVOKING Heroism.
 17792 | D:15     | 17792 ||| INVOKING Finesse.
 17797 | D:15     | Found a staircase to the Depths.
 17815 | D:15     | HP: 6/98 [deep troll simulacrum[a necromancer] (24)]
 17816 | D:15     | 17816 ||| READING 5 scrolls of teleportation.
 17817 | D:15     | 17817 ||| DRINKING potion of heal wounds.
 17820 | D:15     | 17820 ||| FLEEEEING.
 17821 | D:15     | 17821 ||| FLEEEEING.
 17822 | D:15     | 17822 ||| FLEEEEING.
 17823 | D:15     | 17823 ||| FLEEEEING.
 17824 | D:15     | 17824 ||| FLEEEEING.
 17825 | D:15     | 17825 ||| FLEEEEING.
 17826 | D:15     | 17826 ||| FLEEEEING.
 17827 | D:15     | 17827 ||| FLEEEEING.
 17828 | D:15     | 17828 ||| STAIRDANCE
 17952 | D:15     | 17952 ||| INVOKING Heroism.
 17999 | D:15     | 17999 ||| Stepping ~*~*~tactically~*~*~ (hiding).
 18000 | D:15     | 18000 ||| Stepping ~*~*~tactically~*~*~ (hiding).
 18112 | D:15     | 18112 ||| Stepping ~*~*~tactically~*~*~ (hiding).
 18114 | D:15     | 18114 ||| Stepping ~*~*~tactically~*~*~ (hiding).
 18115 | D:15     | 18115 ||| Stepping ~*~*~tactically~*~*~ (hiding).
 18116 | D:15     | 18116 ||| Stepping ~*~*~tactically~*~*~ (hiding).
 18467 | D:15     | 18467 ||| PLANNING ORC
 18603 | Orc:1    | Entered Level 1 of the Orcish Mines
 18623 | Orc:1    | 18623 ||| Stepping ~*~*~tactically~*~*~ (stealth).
 18627 | Orc:1    | 18627 ||| INVOKING Heroism.
 18729 | Orc:2    | Entered Level 2 of the Orcish Mines
 18729 | Orc:2    | Found Ilarazur's Antique Weapon Shoppe.
 18762 | Orc:2    | 18762 ||| Stepping ~*~*~tactically~*~*~ (stealth).
 18782 | Orc:2    | 18782 ||| Stepping ~*~*~tactically~*~*~ (hiding).
 18783 | Orc:2    | 18783 ||| Stepping ~*~*~tactically~*~*~ (hiding).
 18784 | Orc:2    | 18784 ||| Stepping ~*~*~tactically~*~*~ (hiding).
 18897 | Orc:2    | 18897 ||| INVOKING Heroism.
 18925 | Orc:1    | Reached skill level 18 in Axes
 19262 | Orc:2    | Found a staircase to the Elven Halls.
 19272 | Orc:2    | 19272 ||| Stepping ~*~*~tactically~*~*~ (stealth).
 19274 | Orc:2    | 19274 ||| Stepping ~*~*~tactically~*~*~ (stealth).
 19399 | Orc:2    | 19399 ||| Stepping ~*~*~tactically~*~*~ (hiding).
 19604 | Orc:2    | 19604 ||| Stepping ~*~*~tactically~*~*~ (stealth).
 19605 | Orc:2    | 19605 ||| Stepping ~*~*~tactically~*~*~ (stealth).
 19611 | Orc:2    | 19611 ||| Stepping ~*~*~tactically~*~*~ (stealth).
 19616 | Orc:2    | 19616 ||| Stepping ~*~*~tactically~*~*~ (stealth).
 19622 | Orc:2    | 19622 ||| Stepping ~*~*~tactically~*~*~ (hiding).
 19740 | Orc:2    | 19740 ||| Stepping ~*~*~tactically~*~*~ (hiding).
 19741 | Orc:2    | 19741 ||| INVOKING Heroism.
 19757 | Orc:2    | Found a bloodstained altar of Trog.
 19765 | Orc:2    | 19765 ||| Stepping ~*~*~tactically~*~*~ (hiding).
 19772 | Orc:2    | 19772 ||| Stepping ~*~*~tactically~*~*~ (stealth).
 19773 | Orc:2    | 19773 ||| Stepping ~*~*~tactically~*~*~ (stealth).
 19774 | Orc:2    | 19774 ||| Stepping ~*~*~tactically~*~*~ (stealth).
 19784 | Orc:2    | 19784 ||| Stepping ~*~*~tactically~*~*~ (stealth).
 19799 | Orc:1    | 19799 ||| INVOKING Heroism.
 20144 | Orc:2    | 20144 ||| Stepping ~*~*~tactically~*~*~ (hiding).
 20146 | Orc:2    | 20146 ||| Stepping ~*~*~tactically~*~*~ (hiding).
 20148 | Orc:2    | 20148 ||| Stepping ~*~*~tactically~*~*~ (hiding).
 20151 | Orc:2    | 20151 ||| INVOKING Heroism.
 20154 | Orc:2    | Identified the +1 executioner's axe of Leddopim {speed,
                  | rElec rC+} (Okawaru gifted it to you on level 2 of the
                  | Orcish Mines)
 20154 | Orc:2    | Received a gift from Okawaru
 20166 | Orc:2    | 20166 ||| Stepping ~*~*~tactically~*~*~ (stealth).
 20168 | Orc:2    | 20168 ||| Stepping ~*~*~tactically~*~*~ (stealth).
 20170 | Orc:2    | 20170 ||| Stepping ~*~*~tactically~*~*~ (hiding).
 20187 | Orc:2    | 20187 ||| Stepping ~*~*~tactically~*~*~ (hiding).
 20189 | Orc:2    | 20189 ||| Stepping ~*~*~tactically~*~*~ (hiding).
 20192 | Orc:2    | 20192 ||| Stepping ~*~*~tactically~*~*~ (hiding).
 20196 | Orc:2    | Reached XP level 16. HP: 104/104 MP: 23/23
 20227 | Orc:2    | 20227 ||| Stepping ~*~*~tactically~*~*~ (stealth).
 20228 | Orc:2    | 20228 ||| Stepping ~*~*~tactically~*~*~ (stealth).
 20229 | Orc:2    | 20229 ||| INVOKING Heroism.
 20237 | Orc:2    | 20237 ||| Stepping ~*~*~tactically~*~*~ (hiding).
 20239 | Orc:2    | 20239 ||| INVOKING Finesse.
 20255 | Orc:2    | Reached skill level 9 in Shields
 20268 | Orc:2    | Found Wianaur's Magic Scroll Shop.
 20276 | Orc:2    | 20276 ||| Stepping ~*~*~tactically~*~*~ (stealth).
 20277 | Orc:2    | Found Hidemn's Antique Armour Shop.
 20297 | Orc:2    | 20297 ||| INVOKING Heroism.
 20359 | Orc:2    | 20359 ||| BUYING glowing cloak (187 gold).
 20359 | Orc:2    | Bought a glowing cloak for 187 gold pieces
 20363 | Orc:2    | 20363 ||| BUYING scroll of enchant weapon (120 gold).
 20363 | Orc:2    | Bought a scroll of enchant weapon for 120 gold pieces
 20363 | Orc:2    | 20363 ||| BUYING scroll of enchant weapon (120 gold).
 20363 | Orc:2    | Bought a scroll of enchant weapon for 120 gold pieces
 20363 | Orc:2    | 20363 ||| BUYING scroll of teleportation (48 gold).
 20363 | Orc:2    | Bought a scroll of teleportation for 48 gold pieces
 20363 | Orc:2    | 20363 ||| READING 2 scrolls of enchant weapon.
 20363 | Orc:2    | 20363 ||| ENCHANTING +7 broad axe of draining.
 20364 | Orc:2    | 20364 ||| READING scroll of enchant weapon.
 20364 | Orc:2    | 20364 ||| ENCHANTING +8 broad axe of draining.
 20376 | Orc:2    | Found Udig's Magic Scroll Boutique.
 20385 | Orc:2    | 20385 ||| BUYING scroll of teleportation (45 gold).
 20385 | Orc:2    | Bought a scroll of teleportation for 45 gold pieces
 20412 | Orc:2    | Found Ycwump's Jewellery Shoppe.
 20418 | Orc:2    | 20418 ||| BUYING +4 ring of protection (612 gold).
 20418 | Orc:2    | Bought a +4 ring of protection for 612 gold pieces
 20418 | Orc:2    | 20418 ||| SHOPLISTING ring "Viat" {rElec rPois AC+4 Slay+6
                  | Stlth+} (1397 gold, have 1036).
 20418 | Orc:2    | 20418 ||| BUYING ring of ice (425 gold).
 20418 | Orc:2    | Bought a ring of ice for 425 gold pieces
 20418 | Orc:2    | 20418 ||| BUYING ring of resist corrosion (340 gold).
 20418 | Orc:2    | Bought a ring of resist corrosion for 340 gold pieces
 20418 | Orc:2    | 20418 ||| PLANNING SHOALS:1-3
 20418 | Orc:2    | 20418 ||| DROPPING +2 cloak of poison resistance.
 20419 | Orc:2    | 20419 ||| UPGRADING to +4 ring of protection.
 20568 | Shoals:1 | Entered Level 1 of the Shoals
 20671 | Shoals:1 | Gained mutation: Your flesh is heat resistant. (rF+)
                  | [hidden potential]
 20671 | Shoals:1 | Lost mutation: You have hidden genetic potential. [hidden
                  | potential expressed]
 20741 | Shoals:1 | 20741 ||| Stepping ~*~*~tactically~*~*~ (hiding).
 20743 | Shoals:1 | 20743 ||| Stepping ~*~*~tactically~*~*~ (hiding).
 20744 | Shoals:1 | 20744 ||| Stepping ~*~*~tactically~*~*~ (hiding).
 20745 | Shoals:1 | 20745 ||| Stepping ~*~*~tactically~*~*~ (hiding).
 20857 | Shoals:1 | 20857 ||| Stepping ~*~*~tactically~*~*~ (hiding).
 20859 | Shoals:1 | 20859 ||| Stepping ~*~*~tactically~*~*~ (hiding).
 20860 | Shoals:1 | 20860 ||| Stepping ~*~*~tactically~*~*~ (hiding).
 20861 | Shoals:1 | 20861 ||| Stepping ~*~*~tactically~*~*~ (hiding).
 20862 | Shoals:1 | 20862 ||| Stepping ~*~*~tactically~*~*~ (hiding).
 20935 | Shoals:1 | 20935 ||| Stepping ~*~*~tactically~*~*~ (stealth).
 20937 | Shoals:1 | 20937 ||| Stepping ~*~*~tactically~*~*~ (hiding).
 20942 | Shoals:1 | 20942 ||| INVOKING Heroism.
 20947 | Shoals:1 | Identified the +7 broad axe of Raibunn {venom, rElec}
                  | (Okawaru gifted it to you on level 1 of the Shoals)
 20947 | Shoals:1 | Received a gift from Okawaru
 20966 | Shoals:1 | 20966 ||| DROPPING +7 broad axe of Raibunn {venom, rElec}.
 20993 | Shoals:1 | Noticed Roxanne
 20994 | Shoals:1 | 20994 ||| INVOKING Finesse.
 21013 | Shoals:1 | Killed Roxanne
 21198 | Shoals:1 | 21198 ||| Stepping ~*~*~tactically~*~*~ (hiding).
 21550 | Shoals:1 | 21550 ||| UPGRADING to +0 plate armour.
 21563 | Shoals:1 | 21563 ||| UPGRADING to +0 plate armour.
 21590 | Shoals:2 | 21590 ||| INVOKING Heroism.
 21591 | Shoals:2 | 21591 ||| INVOKING Finesse.
 21622 | Shoals:2 | Identified the +13 chain mail "Qiubigai" {Contam +Blink
                  | Slay+5 Stlth+}
 21631 | Shoals:2 | 21631 ||| INVOKING Finesse.
 21638 | Shoals:2 | 21638 ||| INVOKING Heroism.
 21769 | Shoals:2 | Reached skill level 12 in Armour
 21876 | Shoals:2 | Received a gift from Okawaru
 21878 | Shoals:2 | Noticed Ilsuiw
 21879 | Shoals:2 | 21879 ||| INVOKING Heroism.
 21895 | Shoals:2 | HP: 26/106 [merfolk javelineer/silver javelin[Ilsuiw] (2)]
 21896 | Shoals:2 | 21896 ||| READING 7 scrolls of teleportation.
 21903 | Shoals:2 | 21903 ||| UPGRADING to +13 chain mail "Qiubigai" {Contam
                  | +Blink Slay+5 Stlth+}.
 21904 | Shoals:2 | 21904 ||| UPGRADING to +13 chain mail "Qiubigai" {Contam
                  | +Blink Slay+5 Stlth+}.
 21905 | Shoals:2 | 21905 ||| UPGRADING to +13 chain mail "Qiubigai" {Contam
                  | +Blink Slay+5 Stlth+}.
 21906 | Shoals:2 | 21906 ||| UPGRADING to +13 chain mail "Qiubigai" {Contam
                  | +Blink Slay+5 Stlth+}.
 21907 | Shoals:2 | 21907 ||| UPGRADING to +13 chain mail "Qiubigai" {Contam
                  | +Blink Slay+5 Stlth+}.
 21907 | Shoals:2 | HP: 22/106 [merfolk impaler/+2 trident of venom (11)]
 21908 | Shoals:2 | 21908 ||| READING 6 scrolls of teleportation.
 21909 | Shoals:2 | 21909 ||| UPGRADING to +13 chain mail "Qiubigai" {Contam
                  | +Blink Slay+5 Stlth+}.
 21910 | Shoals:2 | 21910 ||| UPGRADING to +13 chain mail "Qiubigai" {Contam
                  | +Blink Slay+5 Stlth+}.
 21911 | Shoals:2 | 21911 ||| UPGRADING to +13 chain mail "Qiubigai" {Contam
                  | +Blink Slay+5 Stlth+}.
 21981 | Shoals:2 | 21981 ||| UPGRADING to +13 chain mail "Qiubigai" {Contam
                  | +Blink Slay+5 Stlth+}.
 21991 | Shoals:2 | 21991 ||| DROPPING +0 plate armour.
 21992 | Shoals:2 | 21992 ||| DROPPING +2 chain mail of fire resistance.
 21993 | Shoals:2 | 21993 ||| DROPPING +0 fire dragon scales.
 22034 | Shoals:2 | Found Ymeterad's Distillery.
 22046 | Shoals:2 | 22046 ||| BUYING potion of attraction (36 gold).
 22046 | Shoals:2 | Bought a potion of attraction for 36 gold pieces
 22046 | Shoals:2 | 22046 ||| BUYING potion of curing (36 gold).
 22046 | Shoals:2 | Bought a potion of curing for 36 gold pieces
 22046 | Shoals:2 | 22046 ||| BUYING potion of curing (36 gold).
 22046 | Shoals:2 | Bought a potion of curing for 36 gold pieces
 22046 | Shoals:2 | 22046 ||| BUYING potion of resistance (120 gold).
 22046 | Shoals:2 | Bought a potion of resistance for 120 gold pieces
 22046 | Shoals:2 | 22046 ||| BUYING potion of resistance (120 gold).
 22046 | Shoals:2 | Bought a potion of resistance for 120 gold pieces
 22051 | Shoals:2 | Identified the +6 short sword "Kerrouvu" {freeze, rN+ MP+9
                  | Str+6}
 22167 | Shoals:2 | 22167 ||| INVOKING Heroism.
 22185 | Shoals:2 | Killed Ilsuiw
 22194 | Shoals:2 | 22194 ||| READING 2 scrolls labelled XOBRENE CEIF.
 22199 | Shoals:2 | 22199 ||| FLEEEEING.
 22200 | Shoals:2 | 22200 ||| FLEEEEING.
 22207 | Shoals:2 | 22207 ||| FLEEEEING.
 22658 | Shoals:2 | 22658 ||| READING scroll labelled ANUQAF MIFUXT.
 22658 | Shoals:2 | Identified a scroll of acquirement
 22658 | Shoals:2 | 22658 ||| DRINKING 2 smoky red potions.
 22659 | Shoals:2 | 22659 ||| READING 17 scrolls of identify.
 22659 | Shoals:2 | 22659 ||| IDENTIFYING viscous inky potion
 22660 | Shoals:2 | 22660 ||| DROPPING scroll of magic mapping.
 22661 | Shoals:2 | 22661 ||| DROPPING potion of invisibility.
 22662 | Shoals:2 | 22662 ||| DROPPING potion of ambrosia.
 22710 | Shoals:3 | 22710 ||| READING scroll of acquirement.
 22710 | Shoals:3 | 22710 ||| ACQUIRING +6 ring of dexterity
 22710 | Shoals:3 | Acquired a +6 ring of dexterity
 22712 | Shoals:3 | 22712 ||| DROPPING ring of positive energy.
 22723 | Shoals:3 | 22723 ||| Stepping ~*~*~tactically~*~*~ (hiding).
 22745 | Shoals:3 | 22745 ||| Stepping ~*~*~tactically~*~*~ (hiding).
 22750 | Shoals:3 | Reached skill level 15 in Fighting
 22901 | Shoals:3 | 22901 ||| INVOKING Heroism.
 22921 | Shoals:3 | Identified the +0 pair of boots "Qoob" {Drain rN+++ Regen+
                  | Dex-3} (Okawaru gifted it to you on level 3 of the Shoals)
 22921 | Shoals:3 | Received a gift from Okawaru
 23105 | Shoals:3 | Noticed a kraken
 23106 | Shoals:3 | 23106 ||| DROPPING +0 pair of boots "Qoob" {Drain rN+++
                  | Regen+ Dex-3}.
 23107 | Shoals:3 | 23107 ||| DROPPING ring of willpower.
 23112 | Shoals:3 | Killed a kraken
 23185 | Shoals:3 | Reached XP level 17. HP: 102/113 MP: 24/24
 23191 | Shoals:3 | Reached skill level 10 in Shields
 23384 | Shoals:3 | 23384 ||| DROPPING +2 broad axe of venom.
 23626 | Shoals:3 | 23626 ||| PLANNING SPIDER:1-3
 23755 | Spider:1 | Entered Level 1 of the Spider Nest
 23836 | Spider:1 | 23836 ||| Stepping ~*~*~tactically~*~*~ (hiding).
 23924 | Spider:1 | Noticed Aizul
 23925 | Spider:1 | 23925 ||| INVOKING Heroism.
 23926 | Spider:1 | 23926 ||| INVOKING Finesse.
 23934 | Spider:1 | Killed Aizul
 24036 | Spider:1 | Noticed Louise
 24051 | Spider:1 | Killed Louise
 24129 | Spider:1 | 24129 ||| Stepping ~*~*~tactically~*~*~ (stealth).
 24143 | Spider:1 | 24143 ||| Stepping ~*~*~tactically~*~*~ (stealth).
 24145 | Spider:1 | 24145 ||| Stepping ~*~*~tactically~*~*~ (stealth).
 24418 | Spider:1 | 24418 ||| UPGRADING to +0 tower shield.
 24428 | Spider:1 | 24428 ||| DROPPING +2 buckler.
 24545 | Spider:2 | 24545 ||| INVOKING Finesse.
 24580 | Spider:2 | 24580 ||| READING scroll of enchant armour.
 24580 | Spider:2 | 24580 ||| ENCHANTING +0 pair of gloves.
 24601 | Spider:2 | 24601 ||| INVOKING Finesse.
 24683 | Spider:2 | 24683 ||| INVOKING Heroism.
 24711 | Spider:2 | Reached skill level 11 in Shields
 24733 | Spider:2 | 24733 ||| Stepping ~*~*~tactically~*~*~ (stealth).
 24739 | Spider:2 | 24739 ||| FLEEEEING.
 24740 | Spider:2 | 24740 ||| FLEEEEING.
 24741 | Spider:2 | 24741 ||| FLEEEEING.
 24742 | Spider:2 | 24742 ||| FLEEEEING.
 24743 | Spider:2 | 24743 ||| FLEEEEING.
 24744 | Spider:2 | 24744 ||| FLEEEEING.
 24745 | Spider:2 | 24745 ||| FLEEEEING.
 24746 | Spider:2 | 24746 ||| FLEEEEING.
 24747 | Spider:2 | 24747 ||| FLEEEEING.
 24748 | Spider:2 | 24748 ||| FLEEEEING.
 24749 | Spider:2 | 24749 ||| FLEEEEING.
 24750 | Spider:2 | 24750 ||| FLEEEEING.
 24751 | Spider:2 | 24751 ||| FLEEEEING.
 24752 | Spider:2 | 24752 ||| FLEEEEING.
 24753 | Spider:2 | 24753 ||| FLEEEEING.
 24754 | Spider:2 | 24754 ||| FLEEEEING.
 24755 | Spider:2 | 24755 ||| FLEEEEING.
 24756 | Spider:2 | 24756 ||| FLEEEEING.
 24757 | Spider:2 | 24757 ||| FLEEEEING.
 24758 | Spider:2 | 24758 ||| FLEEEEING.
 24759 | Spider:2 | 24759 ||| FLEEEEING.
 24760 | Spider:2 | 24760 ||| FLEEEEING.
 24761 | Spider:2 | 24761 ||| FLEEEEING.
 24762 | Spider:2 | 24762 ||| FLEEEEING.
 24763 | Spider:2 | 24763 ||| FLEEEEING.
 24779 | Spider:2 | 24779 ||| Stepping ~*~*~tactically~*~*~ (hiding).
 24781 | Spider:2 | 24781 ||| Stepping ~*~*~tactically~*~*~ (hiding).
 24876 | Spider:2 | 24876 ||| Stepping ~*~*~tactically~*~*~ (stealth).
 24925 | Spider:2 | 24925 ||| Stepping ~*~*~tactically~*~*~ (stealth).
 24926 | Spider:2 | 24926 ||| Stepping ~*~*~tactically~*~*~ (stealth).
 24932 | Spider:2 | 24932 ||| Stepping ~*~*~tactically~*~*~ (hiding).
 25253 | Spider:2 | 25253 ||| Stepping ~*~*~tactically~*~*~ (stealth).
 25254 | Spider:2 | 25254 ||| Stepping ~*~*~tactically~*~*~ (stealth).
 25351 | Spider:2 | 25351 ||| Stepping ~*~*~tactically~*~*~ (hiding).
 25686 | Spider:3 | 25686 ||| Stepping ~*~*~tactically~*~*~ (stealth).
 25727 | Spider:3 | 25727 ||| Stepping ~*~*~tactically~*~*~ (stealth).
 25728 | Spider:3 | 25728 ||| Stepping ~*~*~tactically~*~*~ (stealth).
 25729 | Spider:3 | 25729 ||| Stepping ~*~*~tactically~*~*~ (stealth).
 25731 | Spider:3 | 25731 ||| Stepping ~*~*~tactically~*~*~ (stealth).
 25758 | Spider:3 | 25758 ||| Stepping ~*~*~tactically~*~*~ (stealth).
 25762 | Spider:3 | 25762 ||| Stepping ~*~*~tactically~*~*~ (stealth).
 25764 | Spider:3 | 25764 ||| Stepping ~*~*~tactically~*~*~ (stealth).
 25779 | Spider:3 | Noticed Arachne
 25783 | Spider:3 | Reached skill level 12 in Shields
 25805 | Spider:3 | Killed Arachne
 25897 | Spider:3 | 25897 ||| INVOKING Heroism.
 25923 | Spider:3 | 25923 ||| READING 3 scrolls of enchant armour.
 25923 | Spider:3 | 25923 ||| ENCHANTING +1 pair of gloves.
 25939 | Spider:3 | 25939 ||| Stepping ~*~*~tactically~*~*~ (stealth).
 25971 | Spider:3 | 25971 ||| INVOKING Heroism.
 26065 | Spider:3 | 26065 ||| Stepping ~*~*~tactically~*~*~ (hiding).
 26066 | Spider:3 | 26066 ||| Stepping ~*~*~tactically~*~*~ (hiding).
 26187 | Spider:3 | 26187 ||| Stepping ~*~*~tactically~*~*~ (stealth).
 26191 | Spider:3 | Reached skill level 13 in Shields
 26208 | Spider:3 | 26208 ||| Stepping ~*~*~tactically~*~*~ (hiding).
 26209 | Spider:3 | 26209 ||| Stepping ~*~*~tactically~*~*~ (hiding).
 26211 | Spider:3 | 26211 ||| INVOKING Heroism.
 26229 | Spider:3 | Received a gift from Okawaru
 26230 | Spider:3 | 26230 ||| INVOKING Finesse.
 26469 | Spider:3 | 26469 ||| PLANNING SHOALS:4
 26469 | Spider:3 | 26469 ||| UPGRADING to amulet of reflection.
 26479 | Spider:3 | 26479 ||| DROPPING amulet of regeneration.
 26480 | Spider:3 | 26480 ||| DROPPING +6 ring of intelligence.
 26651 | Shoals:4 | Entered Level 4 of the Shoals
 26659 | Shoals:4 | 26659 ||| Stepping ~*~*~tactically~*~*~ (hiding).
 26660 | Shoals:4 | 26660 ||| Stepping ~*~*~tactically~*~*~ (hiding).
 26661 | Shoals:4 | 26661 ||| Stepping ~*~*~tactically~*~*~ (hiding).
 26662 | Shoals:4 | 26662 ||| INVOKING Heroism.
 26688 | Shoals:4 | Reached skill level 14 in Shields
 26690 | Shoals:4 | Paralysed by an air elemental for 1 turns
 26705 | Shoals:4 | 26705 ||| Stepping ~*~*~tactically~*~*~ (stealth).
 26707 | Shoals:4 | 26707 ||| Stepping ~*~*~tactically~*~*~ (stealth).
 26728 | Shoals:4 | 26728 ||| Stepping ~*~*~tactically~*~*~ (hiding).
 26730 | Shoals:4 | 26730 ||| Stepping ~*~*~tactically~*~*~ (hiding).
 26731 | Shoals:4 | 26731 ||| Stepping ~*~*~tactically~*~*~ (hiding).
 26733 | Shoals:4 | 26733 ||| INVOKING Heroism.
 26763 | Shoals:4 | Received a gift from Okawaru
 26824 | Shoals:4 | 26824 ||| READING scroll of acquirement.
 26824 | Shoals:4 | 26824 ||| ACQUIRING 892 gold pieces
 26824 | Shoals:4 | Acquired 892 gold pieces
 26846 | Shoals:4 | 26846 ||| INVOKING Heroism.
 26848 | Shoals:4 | Paralysed by an air elemental for 1 turns
 26911 | Shoals:4 | 26911 ||| INVOKING Heroism.
 26926 | Shoals:4 | Reached XP level 18. HP: 94/120 MP: 25/25
 26935 | Shoals:4 | Paralysed by an air elemental for 1 turns
 26939 | Shoals:4 | Paralysed by an air elemental for 1 turns
 26943 | Shoals:4 | 26943 ||| INVOKING Finesse.
 26949 | Shoals:4 | Reached skill level 15 in Shields
 26957 | Shoals:4 | 26957 ||| INVOKING Heroism.
 27058 | Shoals:4 | 27058 ||| DROPPING +1 war axe of flaming.
 27126 | Shoals:4 | 27126 ||| INVOKING Heroism.
 27162 | Shoals:4 | 27162 ||| Stepping ~*~*~tactically~*~*~ (hiding).
 27164 | Shoals:4 | 27164 ||| Stepping ~*~*~tactically~*~*~ (stealth).
 27171 | Shoals:4 | 27171 ||| INVOKING Heroism.
 27200 | Shoals:4 | Noticed a titan
 27214 | Shoals:4 | Killed a titan
 27215 | Shoals:4 | 27215 ||| INVOKING Finesse.
 27215 | Shoals:4 | Identified the +3 battleaxe of Callousness {heavy, rC+++
                  | rCorr Str-2 Dex-3}
 27221 | Shoals:4 | Reached skill level 16 in Shields
 27224 | Shoals:4 | Received a gift from Okawaru
 27226 | Shoals:4 | 27226 ||| FLEEEEING.
 27238 | Shoals:4 | 27238 ||| INVOKING Heroism.
 27347 | Shoals:4 | 27347 ||| INVOKING Heroism.
 27422 | Shoals:4 | 27422 ||| READING scroll of brand weapon.
 27422 | Shoals:4 | 27422 ||| BRANDING +9 broad axe of draining.
 27444 | Shoals:4 | 27444 ||| INVOKING Heroism.
 27529 | Shoals:4 | 27529 ||| Stepping ~*~*~tactically~*~*~ (hiding).
 27533 | Shoals:4 | 27533 ||| INVOKING Heroism.
 27542 | Shoals:4 | 27542 ||| Stepping ~*~*~tactically~*~*~ (stealth).
 27545 | Shoals:4 | 27545 ||| Stepping ~*~*~tactically~*~*~ (hiding).
 27551 | Shoals:4 | 27551 ||| Stepping ~*~*~tactically~*~*~ (hiding).
 27667 | Shoals:4 | 27667 ||| INVOKING Heroism.
 27709 | Shoals:4 | Received a gift from Okawaru
 27797 | Shoals:4 | 27797 ||| Stepping ~*~*~tactically~*~*~ (hiding).
 27808 | Shoals:4 | 27808 ||| Stepping ~*~*~tactically~*~*~ (stealth).
 27816 | Shoals:4 | 27816 ||| Stepping ~*~*~tactically~*~*~ (stealth).
 27846 | Shoals:4 | Got a barnacled rune of Zot
 28013 | Shoals:4 | 28013 ||| PLANNING VAULTS:1-4
 28239 | Vaults:1 | Entered Level 1 of the Vaults
 28240 | Vaults:1 | 28240 ||| PLANNING WIZLAB
 28251 | Vaults:1 | Reached skill level 17 in Shields
 28267 | Vaults:1 | 28267 ||| Stepping ~*~*~tactically~*~*~ (stealth).
 28316 | Vaults:1 | Found a magical portal.
 28325 | WizLab   | Entered Maxwell's Workshop
 28329 | WizLab   | 28329 ||| Stepping ~*~*~tactically~*~*~ (hiding).
 28471 | WizLab   | 28471 ||| Stepping ~*~*~tactically~*~*~ (hiding).
 28472 | WizLab   | 28472 ||| Stepping ~*~*~tactically~*~*~ (hiding).
 28485 | WizLab   | 28485 ||| Stepping ~*~*~tactically~*~*~ (hiding).
 28518 | WizLab   | Identified the ring "Gotyasch" {Fire +Blink Will+ rCorr
                  | Str+2}
 28520 | WizLab   | Identified the +0 double sword of Dixkoam {flame, rPois}
 28522 | WizLab   | Identified the ring of the Establishment {Fire Will+}
 28539 | WizLab   | 28539 ||| INVOKING Heroism.
 28585 | WizLab   | 28585 ||| INVOKING Heroism.
 28600 | WizLab   | Received a gift from Okawaru
 28836 | WizLab   | Identified the ring "Exoihoti" {Fly rN+++ EV+5 Int-5
                  | Stlth-}
 28844 | WizLab   | 28844 ||| Stepping ~*~*~tactically~*~*~ (hiding).
 28855 | WizLab   | Reached skill level 18 in Shields
 28868 | WizLab   | Noticed an electric golem
 28872 | WizLab   | 28872 ||| Stepping ~*~*~tactically~*~*~ (hiding).
 28885 | WizLab   | 28885 ||| INVOKING Heroism.
 28889 | WizLab   | Killed an electric golem
 28994 | WizLab   | Found the +2 Maxwell's thermic engine {flame, freeze, rev}
 29022 | WizLab   | Identified the +1 leather armour "Nynoghiogi" {Str+2 Dex+3}
 29070 | WizLab   | 29070 ||| INVOKING Heroism.
 29366 | WizLab   | 29366 ||| DROPPING +6 ring of dexterity.
 29369 | WizLab   | 29369 ||| UPGRADING to ring "Exoihoti" {Fly rN+++ EV+5
                  | Int-5 Stlth-}.
 29510 | Vaults:1 | 29510 ||| PLANNING VAULTS:1-4
 29602 | Vaults:1 | 29602 ||| Stepping ~*~*~tactically~*~*~ (hiding).
 29603 | Vaults:1 | 29603 ||| Stepping ~*~*~tactically~*~*~ (hiding).
 29604 | Vaults:1 | 29604 ||| Stepping ~*~*~tactically~*~*~ (hiding).
 29740 | Vaults:1 | 29740 ||| FLEEEEING.
 29745 | Vaults:1 | 29745 ||| FLEEEEING.
 29746 | Vaults:1 | 29746 ||| FLEEEEING.
 29750 | Vaults:1 | 29750 ||| FLEEEEING.
 29751 | Vaults:1 | 29751 ||| FLEEEEING.
 29752 | Vaults:1 | 29752 ||| FLEEEEING.
 29753 | Vaults:1 | 29753 ||| FLEEEEING.
 29754 | Vaults:1 | 29754 ||| FLEEEEING.
 29755 | Vaults:1 | 29755 ||| FLEEEEING.
 29756 | Vaults:1 | 29756 ||| FLEEEEING.
 29759 | Vaults:1 | 29759 ||| FLEEEEING.
 29760 | Vaults:1 | 29760 ||| Stepping ~*~*~tactically~*~*~ (hiding).
 29761 | Vaults:1 | 29761 ||| INVOKING Heroism.
 29999 | Vaults:1 | 29999 ||| Stepping ~*~*~tactically~*~*~ (stealth).
 30001 | Vaults:1 | 30001 ||| Stepping ~*~*~tactically~*~*~ (hiding).
 30020 | Vaults:1 | Received a gift from Okawaru
 30029 | Vaults:1 | Reached XP level 19. HP: 125/125 MP: 26/26
 30064 | Vaults:1 | 30064 ||| Stepping ~*~*~tactically~*~*~ (hiding).
 30065 | Vaults:1 | 30065 ||| Stepping ~*~*~tactically~*~*~ (hiding).
 30110 | Vaults:1 | 30110 ||| FLEEEEING.
 30111 | Vaults:1 | 30111 ||| FLEEEEING.
 30112 | Vaults:1 | 30112 ||| FLEEEEING.
 30113 | Vaults:1 | 30113 ||| FLEEEEING.
 30116 | Vaults:1 | 30116 ||| FLEEEEING.
 30117 | Vaults:1 | 30117 ||| FLEEEEING.
 30119 | Vaults:1 | 30119 ||| FLEEEEING.
 30271 | Vaults:1 | 30271 ||| INVOKING Finesse.
 30307 | Abyss:3  | Cast into level 3 of the Abyss (a wizard)
 30316 | Abyss:3  | 30316 ||| Stepping ~*~*~tactically~*~*~ (stealth).
 30364 | Abyss:3  | 30364 ||| Stepping ~*~*~tactically~*~*~ (stealth).
 30366 | Abyss:3  | 30366 ||| Stepping ~*~*~tactically~*~*~ (hiding).
 30367 | Abyss:3  | 30367 ||| INVOKING Heroism.
 30368 | Abyss:3  | 30368 ||| Stepping ~*~*~tactically~*~*~ (hiding).
 30369 | Abyss:3  | 30369 ||| Stepping ~*~*~tactically~*~*~ (stealth).
 30370 | Abyss:3  | 30370 ||| INVOKING Finesse.
 30377 | Abyss:3  | Reached skill level 9 in Throwing
 30415 | Abyss:3  | 30415 ||| Stepping ~*~*~tactically~*~*~ (hiding).
 30418 | Abyss:3  | 30418 ||| Stepping ~*~*~tactically~*~*~ (hiding).
 30430 | Abyss:3  | 30430 ||| Stepping ~*~*~tactically~*~*~ (stealth).
 30433 | Abyss:3  | 30433 ||| Stepping ~*~*~tactically~*~*~ (stealth).
 30435 | Abyss:3  | Noticed a hellephant
 30436 | Abyss:3  | 30436 ||| Stepping ~*~*~tactically~*~*~ (stealth).
 30437 | Abyss:3  | 30437 ||| Stepping ~*~*~tactically~*~*~ (stealth).
 30438 | Abyss:3  | 30438 ||| DRINKING 8 potions of resistance.
 30450 | Abyss:3  | 30450 ||| INVOKING Heroism.
 30460 | Abyss:3  | 30460 ||| Stepping ~*~*~tactically~*~*~ (hiding).
 30478 | Abyss:3  | 30478 ||| INVOKING Heroism.
 30479 | Abyss:3  | Killed a hellephant
 30508 | Abyss:3  | 30508 ||| INVOKING Heroism.
 30537 | Abyss:3  | 30537 ||| INVOKING Heroism.
 30578 | Abyss:3  | 30578 ||| Stepping ~*~*~tactically~*~*~ (stealth).
 30585 | Abyss:3  | 30585 ||| Stepping ~*~*~tactically~*~*~ (stealth).
 30589 | Abyss:3  | Reached skill level 19 in Shields
 30594 | Abyss:3  | Received a gift from Okawaru
 30599 | Abyss:3  | 30599 ||| Stepping ~*~*~tactically~*~*~ (stealth).
 30601 | Abyss:3  | 30601 ||| Stepping ~*~*~tactically~*~*~ (stealth).
 30630 | Abyss:3  | 30630 ||| Stepping ~*~*~tactically~*~*~ (stealth).
 30634 | Abyss:3  | 30634 ||| Stepping ~*~*~tactically~*~*~ (stealth).
 30636 | Abyss:3  | 30636 ||| Stepping ~*~*~tactically~*~*~ (hiding).
 30643 | Abyss:3  | 30643 ||| Stepping ~*~*~tactically~*~*~ (stealth).
 30656 | Abyss:3  | 30656 ||| Stepping ~*~*~tactically~*~*~ (hiding).
 30677 | Abyss:3  | 30677 ||| Stepping ~*~*~tactically~*~*~ (hiding).
 30678 | Abyss:3  | 30678 ||| Stepping ~*~*~tactically~*~*~ (stealth).
 30683 | Vaults:1 | Escaped the Abyss
 30714 | Vaults:1 | 30714 ||| FLEEEEING.
 30715 | Vaults:1 | 30715 ||| FLEEEEING.
 30716 | Vaults:1 | 30716 ||| FLEEEEING.
 30717 | Vaults:1 | 30717 ||| FLEEEEING.
 30718 | Vaults:1 | 30718 ||| FLEEEEING.
 30719 | Vaults:1 | 30719 ||| FLEEEEING.
 30720 | Vaults:1 | 30720 ||| FLEEEEING.
 30721 | Vaults:1 | 30721 ||| FLEEEEING.
 30722 | Vaults:1 | 30722 ||| FLEEEEING.
 30723 | Vaults:1 | 30723 ||| FLEEEEING.
 30729 | Vaults:1 | 30729 ||| FLEEEEING.
 30730 | Vaults:1 | 30730 ||| FLEEEEING.
 30977 | Vaults:1 | 30977 ||| Stepping ~*~*~tactically~*~*~ (hiding).
 30980 | Vaults:1 | 30980 ||| DRINKING 13 potions of curing.
 30980 | Vaults:1 | 30980 ||| (to cure confusion)
 31141 | Vaults:1 | 31141 ||| INVOKING Heroism.
 31366 | Vaults:2 | 31366 ||| INVOKING Heroism.
 31495 | Vaults:2 | 31495 ||| INVOKING Heroism.
 31759 | Vaults:2 | 31759 ||| Stepping ~*~*~tactically~*~*~ (hiding).
 31780 | Vaults:2 | Received a gift from Okawaru
 31827 | Vaults:2 | 31827 ||| FLEEEEING.
 31833 | Vaults:2 | 31833 ||| FLEEEEING.
 31834 | Vaults:2 | 31834 ||| FLEEEEING.
 31835 | Vaults:2 | 31835 ||| FLEEEEING.
 31836 | Vaults:2 | 31836 ||| FLEEEEING.
 31837 | Vaults:2 | 31837 ||| FLEEEEING.
 31838 | Vaults:2 | 31838 ||| FLEEEEING.
 31839 | Vaults:2 | 31839 ||| FLEEEEING.
 31842 | Vaults:2 | 31842 ||| FLEEEEING.
 31843 | Vaults:2 | 31843 ||| FLEEEEING.
 31844 | Vaults:2 | 31844 ||| FLEEEEING.
 31845 | Vaults:2 | 31845 ||| FLEEEEING.
 31846 | Vaults:2 | 31846 ||| FLEEEEING.
 31847 | Vaults:2 | 31847 ||| FLEEEEING.
 31848 | Vaults:2 | 31848 ||| FLEEEEING.
 31849 | Vaults:2 | 31849 ||| FLEEEEING.
 31855 | Vaults:2 | 31855 ||| FLEEEEING.
 31856 | Vaults:2 | 31856 ||| FLEEEEING.
 31857 | Vaults:2 | 31857 ||| FLEEEEING.
 31858 | Vaults:2 | 31858 ||| FLEEEEING.
 31867 | Vaults:2 | 31867 ||| INVOKING Heroism.
 31868 | Vaults:2 | 31868 ||| INVOKING Finesse.
 32212 | Vaults:2 | 32212 ||| Stepping ~*~*~tactically~*~*~ (hiding).
 32214 | Vaults:2 | 32214 ||| Stepping ~*~*~tactically~*~*~ (hiding).
 32215 | Vaults:2 | 32215 ||| INVOKING Heroism.
 32318 | Vaults:2 | Identified the +2 rapier of Recklessness {heavy, rPois MP+9
                  | Int-3 Stlth+}
 32795 | Vaults:3 | 32795 ||| Stepping ~*~*~tactically~*~*~ (hiding).
 32797 | Vaults:3 | 32797 ||| Stepping ~*~*~tactically~*~*~ (hiding).
 32805 | Vaults:3 | Reached skill level 6 in Dodging
 32830 | Vaults:3 | 32830 ||| Stepping ~*~*~tactically~*~*~ (hiding).
 32978 | Vaults:3 | 32978 ||| Stepping ~*~*~tactically~*~*~ (hiding).
 32982 | Vaults:3 | 32982 ||| Stepping ~*~*~tactically~*~*~ (hiding).
 32988 | Vaults:3 | 32988 ||| FLEEEEING.
 32989 | Vaults:3 | 32989 ||| FLEEEEING.
 32991 | Vaults:3 | 32991 ||| FLEEEEING.
 32992 | Vaults:3 | 32992 ||| FLEEEEING.
 32995 | Vaults:3 | 32995 ||| FLEEEEING.
 32997 | Vaults:3 | 32997 ||| FLEEEEING.
 32999 | Vaults:3 | 32999 ||| FLEEEEING.
 33000 | Vaults:3 | 33000 ||| FLEEEEING.
 33001 | Vaults:3 | 33001 ||| FLEEEEING.
 33007 | Vaults:3 | 33007 ||| STAIRDANCE
 33141 | Vaults:3 | 33141 ||| INVOKING Heroism.
 33142 | Vaults:3 | 33142 ||| INVOKING Finesse.
 33147 | Vaults:3 | Received a gift from Okawaru
 33178 | Vaults:3 | 33178 ||| INVOKING Heroism.
 33254 | Vaults:3 | 33254 ||| FLEEEEING.
 33258 | Vaults:3 | 33258 ||| FLEEEEING.
 33259 | Vaults:3 | 33259 ||| FLEEEEING.
 33260 | Vaults:3 | 33260 ||| FLEEEEING.
 33269 | Vaults:3 | 33269 ||| FLEEEEING.
 33270 | Vaults:3 | 33270 ||| FLEEEEING.
 33271 | Vaults:3 | 33271 ||| FLEEEEING.
 33282 | Vaults:3 | 33282 ||| FLEEEEING.
 33284 | Vaults:3 | 33284 ||| FLEEEEING.
 33285 | Vaults:3 | 33285 ||| INVOKING Heroism.
 33322 | Vaults:3 | 33322 ||| INVOKING Heroism.
 33327 | Vaults:3 | HP: 12/128 [enormous slime creature[a boggart] (59)]
 33328 | Vaults:3 | 33328 ||| READING 12 scrolls of teleportation.
 33329 | Vaults:3 | 33329 ||| DRINKING potion of heal wounds.
 33329 | Vaults:3 | Annihilated by an enormous slime creature

Levels and vault maps discovered:
D:1:      heliophobic_arrival_henge, layout_basic,
          chequers_ecumenical_altar_simple
D:2:      layout_loops_ring
D:3:      minmay_evil_eye, layout_basic, nicolae_hepliaklqana_hippocampus,
          general_overflow_altar, ebering_ghost_sewer_d, nrook_campfire,
          serial_bayou_pond_d, minmay_strange_pillars, uniq_robin
D:4:      layout_basic, led_sif_book, serial_shops, shop, minmay_misc_feat_tiny
D:5:      layout_basic, grunt_temple_overflow_open, minmay_misc_feat_rows,
          minmay_manual_mess
D:6:      layout_rooms, minmay_temple_entry_statues_pillars
D:7:      layout_basic, uniq_maggie, uniq_crazy_yiuf_cottage
D:8:      layout_basic, mainiacjoe_overflow_cross_hatched,
          makhleb_blood_cavern_becter, gammafunk_ghost_grave,
          minmay_misc_feat_iff, chequers_serial_rivers_small_a,
          nicolae_kite_square_tiling_tiny, minmay_fractal_squares_gapless_5
D:9:      layout_long_grid, dpeg_lair_monsters, enter_bailey_3,
          kennysheep_flooded_box, nicolae_shop_dragon_depot
D:10:     layout_roguey, xom_redecorated, erik_orc_3, uniq_nergalle,
          uniq_amaemon, uniq_grum
D:11:     layout_irregular_city
D:12:     layout_long_grid
D:13:     layout_basic, david_vaults_1, minmay_misc_feat_roman
D:14:     layout_long_grid, gauntlet_entry_generic, special_room
          [special_room_mythical_zoo]
D:15:     hangedman_depths_entry_civil_slaughter, layout_cave_pools,
          serial_shops, nicolae_shop_hallway_plus, fiery_altar_vehumet,
          lemuel_flamethrower_3
Lair:1:   layout_regular_city, grunt_megastairs_2
Lair:2:   layout_loops_ring, elwin_shoals_entry_rooms,
          nicolae_spider_entry_orb_guardian, nicolae_volcano_entry_batcave
Lair:3:   layout_gridlike, grunt_megastairs_4
Lair:4:   layout_cave_pods, portal_ice_cave_entry_pillars_1, disabler_island
Lair:5:   gammafunk_lair_ancient_temple, layout_loops_ring,
          minmay_slime_entry_pillars, serial_bayou_shore_b
Shoals:1: layout_shoals, uniq_roxanne
Shoals:2: layout_shoals, serial_shops, shop, uniq_ilsuiw
Shoals:3: layout_shoals, nicolae_shoals_lost_giant_pillars,
          nicolae_shoals_seven_spires
Shoals:4: shoals_end_hellmonk_storm_palace [storm_palace_center_square,
          storm_palace_corner_grid, storm_palace_corner_reverse_hut,
          storm_palace_corner_reverse_hut, storm_palace_corner_pillars]
Spider:1: layout_spider_delve, uniq_louise, uniq_aizul
Spider:2: layout_spider_delve
Spider:3: nicolae_spider_brood_tunnel, uniq_arachne
Orc:1:    layout_caves
Orc:2:    hellmonk_orc_salted, layout_diamond_mine, serial_shops, shop,
          basic_altar
Vaults:1: mu_enter_wizlab_6, nicolae_vaults_trapezoid_lopsided_4,
          nicolae_vaults_layer_cake_slice, nicolae_vaults_tetromino_Z_2,
          nicolae_vaults_house_1, nicolae_vaults_closet_pinwheel_6,
          nicolae_vaults_bisected_exclaves, nicolae_vaults_tetromino_Z_1,
          grunt_vaults_hallway_long, nicolae_vaults_ninety_degrees,
          ontoclasm_vaults_gateway, v_misc_23, v_misc_30, v_misc_22,
          layout_vaults_maze
Vaults:2: nicolae_vaults_storage_room_glass, v_rooms_5, vaults_mumra_chevron,
          nicolae_vaults_storage_room_statues, vaults_room_door_hall,
          nicolae_vaults_mitosis, layout_vaults_omnigrid
Vaults:3: vaults_room_boxed, minmay_crypt_entry_nasty_monster,
          nicolae_vaults_puzzle_piece, nicolae_vaults_spaceships,
          nicolae_vaults_border_crossing, nicolae_vaults_offset_grid_hallway_1,
          nicolae_vaults_shipping_containers_5, nicolae_vaults_network_square,
          ontoclasm_vaults_idyll, vaults_standard_mumra_lines, vaults_dpeg_ring,
          layout_vaults_omnicross

Skill      XL: |  1  2  3  4  5  6  7  8  9 10 11 12 13 14 15 16 17 18 19 |
---------------+----------------------------------------------------------+-----
Axes           | 2 3 4 5 6 7 8 9 11 12 13 14 16 18 | 18.0
Fighting       | 4 5 7 8 9 10 11 12 13 15 16 17 | 17.0
Dodging        | 3 4 5 6 |  6.0
Throwing       | 1 5 6 7 8 9 |  9.1
Armour         | 4 5 6 8 9 10 12 14 | 14.0
Invocations    | 1 4 7 10 | 10.0
Shields        | 4 5 6 7 8 9 14 18 19 | 19.2

Action                     |  1- 3 |  4- 6 |  7- 9 | 10-12 | 13-15 | 16-18 | 19-21 || total
---------------------------+-------+-------+-------+-------+-------+-------+-------++-------
  Melee: War axe           |   110 |   133 |       |       |    29 |       |       ||   272
         Broad axe         |       |    41 |   181 |   388 |   822 |  1043 |   340 ||  2815
         Headbutt          |       |       |       |       |   109 |   250 |   111 ||   470
  Throw: Boomerang         |       |    60 |    32 |    70 |     2 |    18 |    15 ||   197
         Javelin           |       |       |       |       |   199 |   128 |    43 ||   370
 Invoke: Heroism           |       |       |     5 |    21 |    32 |    30 |    14 ||   102
         Finesse           |       |       |       |     1 |     6 |    10 |     4 ||    21
    Use: Scroll            |     2 |     9 |     5 |     4 |     9 |    11 |     1 ||    41
         Potion            |     1 |     7 |     1 |       |     6 |     1 |     3 ||    19
 Armour: Scale mail        |    66 |    79 |       |       |       |       |       ||   145
         Chain mail        |       |    17 |    99 |    55 |   422 |   485 |    70 ||  1148
         Plate armour      |       |       |       |   162 |    37 |    74 |       ||   273
  Dodge: Dodged            |    54 |    79 |    80 |   103 |   272 |   303 |    75 ||   966
  Block: Buckler           |    22 |    37 |    39 |   112 |   266 |   163 |       ||   639
         Tower shield      |       |       |       |       |       |   550 |   289 ||   839
         Reflection        |       |       |       |       |       |    19 |    12 ||    31

Table legend:
 A = Non-vault XP
 B = Vault XP
 C = Vault XP percentage of total XP
 D = Non-vault monster count
 E = Vault monster count
 F = Vault count percentage of total count
                 A         B        C        D         E       F
            +---------+---------+-------+---------+---------+-------
      Total |  245546 |  143600 |  36.9 |     809 |     310 |  27.7
            +---------+---------+-------+---------+---------+-------
        D:1 |      51 |       0 |   0.0 |      25 |       0 |   0.0
        D:2 |      36 |       0 |   0.0 |       8 |       0 |   0.0
        D:3 |      52 |      60 |  53.6 |      17 |      12 |  41.4
        D:4 |      70 |       0 |   0.0 |      17 |       0 |   0.0
        D:5 |     786 |     375 |  32.3 |      18 |       2 |  10.0
        D:6 |     866 |       0 |   0.0 |      15 |       0 |   0.0
        D:7 |     697 |     395 |  36.2 |      19 |       1 |   5.0
        D:8 |    1026 |     467 |  31.3 |      16 |       6 |  27.3
        D:9 |    1977 |    3470 |  63.7 |      14 |      12 |  46.2
       D:10 |    2818 |    2179 |  43.6 |      12 |      15 |  55.6
       D:11 |    5364 |       0 |   0.0 |      22 |       0 |   0.0
       D:12 |    6461 |       0 |   0.0 |      24 |       0 |   0.0
       D:13 |    3771 |    1492 |  28.3 |      18 |       3 |  14.3
       D:14 |    9320 |    4459 |  32.4 |      25 |      16 |  39.0
       D:15 |   11584 |    4173 |  26.5 |      24 |       6 |  20.0
     Lair:1 |    4940 |    1009 |  17.0 |      22 |       4 |  15.4
     Lair:2 |    3252 |    1642 |  33.6 |      16 |       5 |  23.8
     Lair:3 |    6664 |    1404 |  17.4 |      24 |       7 |  22.6
     Lair:4 |    4964 |    2406 |  32.6 |      16 |       5 |  23.8
     Lair:5 |   15902 |    6780 |  29.9 |      48 |      22 |  31.4
   Shoals:1 |   10323 |    1378 |  11.8 |      25 |       1 |   3.8
   Shoals:2 |   16787 |    3566 |  17.5 |      35 |       5 |  12.5
   Shoals:3 |   15251 |       0 |   0.0 |      34 |       0 |   0.0
   Shoals:4 |   14135 |   27996 |  66.4 |      28 |      57 |  67.1
   Spider:1 |    7439 |    2438 |  24.7 |      26 |       2 |   7.1
   Spider:2 |   13783 |       0 |   0.0 |      36 |       0 |   0.0
   Spider:3 |   15238 |    9118 |  37.4 |      40 |      15 |  27.3
      Orc:1 |    3423 |       0 |   0.0 |      28 |       0 |   0.0
      Orc:2 |    3140 |   12075 |  79.4 |      46 |      36 |  43.9
   Vaults:1 |   27534 |    6488 |  19.1 |      44 |       8 |  15.4
   Vaults:2 |   10983 |    8803 |  44.5 |      16 |      14 |  46.7
   Vaults:3 |   13662 |    7476 |  35.4 |      21 |      13 |  38.2
    Abyss:3 |   13247 |       0 |   0.0 |      30 |       0 |   0.0
     WizLab |       0 |   26589 | 100.0 |       0 |      34 | 100.0
   Gauntlet |       0 |    7362 | 100.0 |       0 |       9 | 100.0
            +---------+---------+-------+---------+---------+-------
